 Dungeon Crawl Stone Soup version 0.25-a0-1024-gbfbf38f2cb (webtiles) character file.

Game seed: 17210704751488595837, levelgen mode: deterministic

13224560 Hasart the Archmage (level 27, 176/176 HPs)
             Began as a Deep Elf Wizard on May 12, 2020.
             Was the Champion of Vehumet.
             Escaped with the Orb
             ... and 15 runes on May 13, 2020!
             The game lasted 10:32:01 (122664 turns).

Hasart the Archmage (Deep Elf Wizard)             Turns: 122664, Time: 10:32:02

Health: 176/176    AC: 22    Str: 10    XL:     27
Magic:  62/65      EV: 28    Int: 47    God:    Vehumet [******]
Gold:   16567      SH:  9    Dex: 15    Spells: 0/80 levels left

rFire    + + +     SeeInvis +   L - +6 double sword of the Beginning {speed, rElec MR+ Str+3 Int+2}
rCold    . . .     Gourm    .   U - +1 buckler of Lies {rF+ MP+9 SInv}
rNeg     + . .     Faith    .   s - +4 troll leather armour
rPois    .         Spirit   .   x - +2 helmet {Int+3}
rElec    +         Reflect  .   v - scarf {repulsion}
rCorr    .         Harm     .   Q - +2 pair of gloves {Str+3}
MR       ++++.     Clarity  +   E - +2 pair of boots {run}
Stlth    +.........             M - amulet of magic regeneration
HPRegen  0.79/turn              f - ring of the Locust {rF+ MR+ Int+3 Dex+2}
MPRegen  0.64/turn              i - ring of Vodka {rF+ rN+}

@: repel missiles, quick
A: repulsion field 1, icy blue scales 1, clarity, clever 1
0: Orb of Zot
}: 15/15 runes: barnacled, slimy, silver, golden, iron, obsidian, icy, bone,
abyssal, demonic, glowing, magical, fiery, dark, gossamer
a: Renounce Religion


You escaped.
You worshipped Vehumet.
Vehumet was exalted by your worship.
You were full.

You visited 18 branches of the dungeon, and saw 89 of its levels.
You visited Pandemonium 1 time, and saw 21 of its levels.
You visited the Abyss 4 times.
You visited 1 ziggurat, and saw 16 of its levels.

You collected 22723 gold pieces.
You spent 6156 gold pieces at shops.

Inventory:

Hand Weapons
 t - the +0 war axe "Ferom" {holy, *Corrode +Rage rElec rC++}
   (You found it on level 16 of a ziggurat)

   It has been blessed by the Shining One to cause great damage to the undead
   and demons.
   It greatly protects you from cold.
   It insulates you from electricity.
   It lets you go berserk.
   It may corrode you when you take damage.
 K - the +5 great sword of Semn {freeze, rF++ rC++ Stlth-}
   (You bought it in a shop on level 10 of the Dungeon)

   It has been specially enchanted to freeze those struck by it, causing extra
   injury to most foes and up to half again as much damage against particularly
   susceptible opponents.
   It can also slow down cold-blooded creatures.
   It greatly protects you from fire.
   It greatly protects you from cold.
   It makes you less stealthy.
 L - the +6 double sword of the Beginning (weapon) {speed, rElec MR+ Str+3 Int+2}
   (You acquired it on level 1 of the Abyss)

   Attacks with this weapon are significantly faster.
   It affects your strength (+3).
   It affects your intelligence (+2).
   It insulates you from electricity.
   It affects your resistance to hostile enchantments.
 V - the cursed +1 demon trident of Zigheuts {pain, +Fly rN+++ Dex-4 Stlth+}
   (You found it on level 15 of a ziggurat)

   In the hands of one skilled in necromantic magic, it inflicts extra damage on
   living creatures.
   It affects your dexterity (-4).
   It renders you almost immune to negative energy.
   It lets you fly.
   It makes you more stealthy.
   It has a curse placed upon it.
Armour
 s - a +4 troll leather armour (worn)
 u - a +0 buckler of poison resistance
 v - a scarf of repulsion (worn)
 x - a +2 helmet of intelligence (worn)
 D - a +0 tower shield of reflection
 E - a +2 pair of boots of running (worn)
 P - a scarf of cloud immunity
 Q - a +2 pair of gloves of strength (worn)
 U - the +1 buckler of Lies (worn) {rF+ MP+9 SInv}
   (You acquired it on level 15 of a ziggurat)

   It protects you from fire.
   It affects your magic capacity (+9).
   It lets you see invisible.
Magical Staves
 c - an uncursed staff of energy
Jewellery
 f - the ring of the Locust (left hand) {rF+ MR+ Int+3 Dex+2}
   (You found it on level 4 of the Realm of Zot)

   [ring of protection from magic]

   It affects your intelligence (+3).
   It affects your dexterity (+2).
   It protects you from fire.
   It affects your resistance to hostile enchantments.
 g - an uncursed amulet of regeneration
 i - the ring of Vodka (right hand) {rF+ rN+}
   (You took it off an ancient champion on level 3 of the Crypt)

   [ring of positive energy]

   It protects you from fire.
   It protects you from negative energy.
 w - an uncursed amulet of the acrobat
 C - an uncursed ring of resist corrosion
 M - an amulet of magic regeneration (around neck)
 N - an uncursed ring of see invisible
 O - the ring of the Establishment {rElec rF++ rC- Dex+5}
   (You took it off a tengu reaver on level 4 of the Depths)

   [ring of dexterity]

   It affects your dexterity (+5).
   It greatly protects you from fire.
   It makes you vulnerable to cold.
   It insulates you from electricity.
 Y - the brooch of Shielding {Reflect SH+8}
   (You found it on level 2 of the Spider Nest)

   [amulet of reflection]

   It shields you and reflects attacks.
   It affects your SH (+8).
Wands
 p - a wand of iceblast (46)
 y - a wand of digging (17)
 z - a wand of clouds (5)
 W - a wand of acid (7)
 X - a wand of disintegration (56)
Scrolls
 a - 5 scrolls of enchant armour
 h - 21 scrolls of identify
 k - 46 scrolls of remove curse
 l - 15 scrolls of fear
 q - 29 scrolls of teleportation
 r - 8 scrolls of amnesia
 A - 11 scrolls of magic mapping
 F - 3 scrolls of summoning
 G - 6 scrolls of blinking
 I - 9 scrolls of holy word
 R - 19 scrolls of fog
Potions
 b - 40 potions of curing
 e - 10 potions of magic
 m - 5 potions of resistance
 n - 12 potions of flight
 o - 24 potions of heal wounds
 B - 9 potions of might
 H - 10 potions of haste
 J - 10 potions of ambrosia
 T - 15 potions of mutation
 Z - 5 potions of cancellation
Miscellaneous
 j - 10 phantom mirrors
 S - a figurine of a ziggurat
Comestibles
 d - 85 rations


   Skills:
 - Level 19.0 Fighting
   Level 4.0(10.3) Short Blades
 + Level 13.3(13.4) Long Blades
 - Level 12.0 Armour
 + Level 20.4 Dodging
 - Level 4.0 Stealth
 - Level 15.0 Shields
 O Level 27 Spellcasting
 O Level 27 Conjurations
   Level 6.0 Summonings
 + Level 26.7 Necromancy
 - Level 17.0 Translocations
 + Level 24.7 Transmutations
 O Level 27 Fire Magic
 O Level 27 Ice Magic
 - Level 4.0 Air Magic
 + Level 23.9 Earth Magic
 - Level 8.0 Poison Magic
 + Level 13.9 Evocations


You couldn't memorise any spells.
You knew the following spells:

 Your Spells              Type           Power        Failure   Level  Hunger
a - Iron Shot             Conj/Erth      ########..   0%          6    None
b - Ozocubu's Refrigerat  Ice            ########..   0%          6    None
c - Absolute Zero         Ice            ########..   1%          9    None
d - Mephitic Cloud        Conj/Pois/Air  ########     0%          3    None
e - Necromutation         Tmut/Necr      ########..   1%          8    None
f - Infestation           Necr           ########..   1%          8    None
g - Shatter               Erth           ########..   1%          9    None
q - Swiftness             Chrm/Air       ######..     1%          2    None
r - Controlled Blink      Tloc           N/A          1%          8    None
s - Fire Storm            Conj/Fire      ########..   1%          9    None
w - Blink                 Tloc           N/A          0%          2    None
x - Searing Ray           Conj           ######       0%          2    None
z - Ignition              Fire           ########..   0%          8    None

Your spell library contained the following spells:

 Spells                   Type           Power        Failure   Level  Hunger
 Chain Lightning          Conj/Air       ########..   1%          8    None
 Tornado                  Air            #######...   100%        9    None
 Animate Skeleton         Necr           N/A          0%          1    None
 Apportation              Tloc           ######       0%          1    None
 Beastly Appendage        Tmut           ######       0%          1    None
 Foxfire                  Conj/Fire      ####         0%          1    None
 Freeze                   Ice            ####         0%          1    None
 Magic Dart               Conj           ####         0%          1    None
 Pain                     Necr           ####         0%          1    None
 Sandblast                Erth           ######       0%          1    None
 Shock                    Conj/Air       ####         0%          1    None
 Sting                    Tmut/Pois      ####         0%          1    None
 Corpse Rot               Necr/Air       N/A          0%          2    None
 Ensorcelled Hibernation  Hex/Ice        ######       0%          2    None
 Passwall                 Tmut/Erth      ########     0%          2    None
 Shroud of Golubria       Chrm/Tloc      ######       0%          2    None
 Sticks to Snakes         Tmut           ########     0%          2    None
 Sublimation of Blood     Necr           ########..   0%          2    None
 Conjure Flame            Conj/Fire      ########     0%          3    None
 Dazzling Flash           Conj/Hex       ######       0%          3    None
 Frozen Ramparts          Ice            ######       0%          3    None
 Gell's Gravitas          Tloc           ########..   0%          3    None
 Ignite Poison            Fire/Tmut/Pois ########     0%          3    None
 Inner Flame              Hex/Fire       ########     0%          3    None
 Lesser Beckoning         Tloc           ########..   0%          3    None
 Ozocubu's Armour         Chrm/Ice       ########     0%          3    None
 Recall                   Summ/Tloc      N/A          0%          3    None
 Spider Form              Tmut/Pois      ########..   0%          3    None
 Static Discharge         Conj/Air       ########     0%          3    None
 Stone Arrow              Conj/Erth      ######       0%          3    None
 Teleport Other           Tloc           ########     0%          3    None
 Vampiric Draining        Necr           ########..   0%          3    None
 Animate Dead             Necr           N/A          0%          4    None
 Dispel Undead            Necr           ########     0%          4    None
 Fulminant Prism          Conj/Hex       ########..   0%          4    None
 Hailstorm                Conj/Ice       ########     0%          4    None
 Ice Form                 Ice/Tmut       ########     0%          4    None
 Iskenderun's Mystic Bla  Conj/Tloc      ########     0%          4    None
 Petrify                  Tmut/Erth      ########     0%          4    None
 Sticky Flame             Conj/Fire      ########     0%          4    None
 Summon Ice Beast         Ice/Summ       ########     0%          4    None
 Agony                    Necr           ########     0%          5    None
 Alistair's Intoxication  Tmut/Pois      ########     0%          5    None
 Blade Hands              Tmut           ########..   0%          5    None
 Bolt of Magma            Conj/Fire/Erth ########..   0%          5    None
 Borgnjor's Vile Clutch   Necr/Erth      ########..   0%          5    None
 Fireball                 Conj/Fire      ########..   0%          5    None
 Irradiate                Conj/Tmut      ########..   0%          5    None
 Lee's Rapid Deconstruct  Erth           ########..   0%          5    None
 Lightning Bolt           Conj/Air       ########..   0%          5    None
 Death Channel            Necr           ########..   0%          6    None
 Freezing Cloud           Conj/Ice/Air   ########..   0%          6    None
 Hydra Form               Tmut           ########..   0%          6    None
 Simulacrum               Ice/Necr       ########..   0%          6    None
 Starburst                Conj/Fire      ########..   0%          6    None
 Statue Form              Tmut/Erth      ########.    0%          6    None
 Dragon Form              Tmut           ########..   0%          7    None
 Orb of Destruction       Conj           ########..   0%          7    None
 Corona                   Hex            ######.      1%          1    None
 Infusion                 Chrm           ####         1%          1    None
 Summon Butterflies       Summ           #######.     1%          1    None
 Summon Small Mammal      Summ           ####         1%          1    None
 Call Imp                 Summ           #######.     1%          2    None
 Poisonous Vapours        Pois/Air       ######       1%          2    None
 Slow                     Hex            ######..     1%          2    None
 Song of Slaying          Chrm           ######..     1%          2    None
 Call Canine Familiar     Summ           #######.     1%          3    None
 Confusing Touch          Hex            ######..     1%          3    None
 Portal Projectile        Hex/Tloc       ######       1%          3    None
 Spectral Weapon          Hex/Chrm       ######..     1%          3    None
 Summon Guardian Golem    Hex/Summ       #######.     1%          3    None
 Tukima's Dance           Hex            ######..     1%          3    None
 Airstrike                Air            #######...   1%          4    None
 Leda's Liquefaction      Hex/Erth       ########..   1%          4    None
 Olgreb's Toxic Radiance  Pois           #######.     1%          4    None
 Summon Lightning Spire   Summ/Air       #######.     1%          4    None
 Aura of Abjuration       Summ           #######...   1%          5    None
 Excruciating Wounds      Chrm/Necr      ########..   1%          5    None
 Iskenderun's Battlesphe  Conj/Chrm      ########     1%          5    None
 Metabolic Englaciation   Hex/Ice        ########..   1%          5    None
 Summon Demon             Summ           #######...   1%          5    None
 Summon Forest            Summ/Tloc      ########..   1%          5    None
 Summon Mana Viper        Hex/Summ       #######.     1%          5    None
 Yara's Violent Unravell  Hex/Tmut       ########..   1%          5    None
 Conjure Ball Lightning   Conj/Air       ########..   1%          6    None
 Dispersal                Tloc           ########..   1%          6    None
 Eringya's Noxious Bog    Tmut/Pois      ########..   1%          6    None
 Haunt                    Necr/Summ      ########..   1%          7    None
 Malign Gateway           Summ/Tloc      ########..   1%          7    None
 Ring of Flames           Chrm/Fire      ########..   1%          7    None
 Spellforged Servitor     Conj/Summ      ########..   1%          7    None
 Borgnjor's Revivificati  Necr           ########..   1%          8    None
 Disjunction              Tloc           ########..   1%          8    None
 Lehudib's Crystal Spear  Conj/Erth      ########..   1%          8    None
 Cause Fear               Hex            ######....   2%          4    None
 Silence                  Hex/Air        ######....   2%          5    None
 Shadow Creatures         Summ           N/A          3%          6    None
 Death's Door             Chrm/Necr      ########..   6%          8    None
 Monstrous Menagerie      Summ           #######...   17%         7    None
 Summon Greater Demon     Summ           #######...   17%         7    None
 Summon Hydra             Summ           #######...   17%         7    None
 Darkness                 Hex            ######....   34%         6    None
 Invisibility             Hex            ######..     34%         6    None
 Summon Horrible Things   Summ           #######...   78%         8    None
 Discord                  Hex            ######....   100%        8    None


Dungeon Overview and Level Annotations

Branches:
Dungeon (15/15)            Temple (1/1) D:7            Lair (6/6) D:9
 Shoals (4/4) Lair:2       Spider (4/4) Lair:3        Slime (5/5) Lair:5
    Orc (2/2) D:9             Elf (3/3) Orc:2        Vaults (5/5) D:14
  Crypt (3/3) Vaults:2       Tomb (3/3) Crypt:3      Depths (5/5) D:15
   Hell (visited)             Dis (7/7) Hell            Geh (7/7) Hell
    Coc (7/7) Hell            Tar (7/7) Hell            Zot (5/5) Depths:5

Altars:
Ashenzari
Cheibriados
Dithmenos
Elyvilon
Fedhas
Gozag
Hepliaklqana
Kikubaaqudgha
Makhleb
Nemelex Xobeh
Okawaru
Qazlal
Ru
Sif Muna
Trog
Uskayaw
Vehumet
Wu Jian
Xom
Yredelemnul
Zin
The Shining One
Jiyva

Shops:
D:6 *   D:10 (   D:14 *   D:15 ?   Orc:2 !}=[?   Elf:1 ?[?![   Elf:3 :(}
Vaults:4 [   Depths:1 *   Depths:2 *[!%

Portals:
Hell: Depths:1 Depths:2 Depths:3 Depths:4 Depths:5
Abyss: Depths:3 Depths:4
Pandemonium: Depths:2 Depths:3

Annotations:
D:3 2 transporters, Visage's ghost, amateur SpHu
Shoals:3 3 runed translucent doors, Flugslaktarn's ghost, adept MiFi


Innate Abilities, Weirdness & Mutations

You are surrounded by a mild repulsion field. (EV +2)
You are partially covered in icy blue scales. (AC +2)
You possess an exceptional clarity of mind.
Your mind is acute. (Int +2)


Message History

(V) Vaults (C) Crypt (W) Tomb (U) Depths (H) Hell (I) Dis (G) Gehenna (X) Cocytus (Y) Tartarus (Z) Zot
Where to? (Enter - D:1, ? - help)
You see here a +0 club.
There is a stone staircase leading up here.
You climb upwards.
There is a stone staircase leading down here.
A tormentor comes into view.
There is an open door here.
You block the tormentor's attack. The tormentor barely misses you.
Casting: Absolute Zero (mildly dangerous; 1% risk of failure)
Confirm with . or Enter, or press ? or * to list all spells.
You chill the tormentor to absolute zero!
The tormentor is frozen into a solid block of ice!
You kill the tormentor!
Vehumet accepts your kill.
You feel your power returning.
There is a staircase leading out of the dungeon here.
You have escaped!

...# #####....### #.##..##
##.###..........## ##.##..#
#...............# ##.#.#..#
#.###.....#####'#####.###...#
#.# ##..#.#.........##.#.##.#
##.# #..#.#.........###.###.#
...# #.)###..⌠...⌠..# #.# #.#
#### #....#.........###.# #.#
# ##.#.'....@..8.'...# #)# #
#.###.........#######.#
########.###..⌠...⌠..#.......#
##.........#.........#########
##.#####.###.........# ##.#
#...#####+##### ##.#
#.#.......# ...#####.#########
...>.....#


There were no monsters in sight!

Vanquished Creatures
  Cerebov (Pan)
  Antaeus (Coc:7)
  Asmodeus (Geh:7)
  the Royal Jelly (Slime:5)
  14 pandemonium lords
  Ereshkigal (Tar:7)
  Lom Lobon (Pan)
  2 seraphim
  Mnoleg (Pan)
  Gloorx Vloq (Pan)
  the Serpent of Hell (Tar:7)
  The ghost of Zorot the Ruinous, a legendary DrVM of Vehumet (Zig:11)
  Dispater (Dis:7)
  8 orbs of fire (Zot:5)
  8 ancient liches
  Mennas (Crypt:2)
  4 juggernauts
  33 greater mummies
  Boris (Depths:5)
  5 Killer Klowns
  16 shard shrikes
  A caustic shrike (Depths:4)
  3 curse toes
  Saint Roka (Vaults:1)
  A golden dragon (shapeshifter) (Vaults:5)
  A caustic shrike (shapeshifter) (Zig:16)
  10 golden dragons
  Jory (Depths:3)
  Geryon (Hell)
  2 profane servitors
  18 bone dragons
  2 pearl dragons (Pan)
  Arachne (Spider:4)
  17 Tzitzimimeh
  19 liches
  3 doom hounds
  26 Brimstone Fiends
  7 iron giants
  6 hellephants
  3 electric golems
  23 Ice Fiends
  8 Hell Sentinels
  Asterion (Spider:1)
  Jorgrun (D:14)
  11 titans
  30 tentacled monstrosities
  26 Orb Guardians
  A quicksilver dragon (shapeshifter) (Zig:16)
  10 quicksilver dragons
  33 ancient champions
  A sphinx (shapeshifter) (Zig:16)
  18 acid blobs
  2 deep elf master archers (Elf:3)
  38 Executioners
  9 death cobs
  5 tengu reavers
  Kirke (D:14)
  14 tentacled starspawn
  17 sphinxes
  Roxanne (D:14)
  18 storm dragons
  19 daevas
  9 revenants
  17 fire giants
  27 shadow dragons
  2 draconian monks
  11 azure jellies
  Ilsuiw (Shoals:2)
  5 nagarajas (Zig:10)
  5 draconian knights
  35 balrugs
  Louise (D:14)
  16 vault wardens
  7 deep elf sorcerers
  7 emperor scorpions
  4 orc warlords
  7 warmongers (Pan)
  A caustic shrike zombie (Crypt:3)
  8 draconian scorchers
  21 cacodemons
  11 iron dragons
  20 frost giants
  10 ghost moths
  9 curse skulls
  4 draconian shifters
  7 draconian stormcallers
  12 draconian annihilators
  78 reapers
  8 deep elf elementalists
  29 stone giants
  13 ghouls
  15 ironheart preservers
  32 angels
  2 spriggan defenders
  29 very ugly things
  12 war gargoyles
  9 corrupters (Pan)
  3 juggernaut skeletons
  8 blood saints (Pan)
  13 vampire knights
  3 entropy weavers
  15 ophanim
  9 deep elf demonologists
  9 green draconians
  3 elemental wellsprings
  6 bennus
  12 black draconians
  28 apis (Pan)
  11 purple draconians
  Azrael (Spider:1)
  7 deep elf annihilators
  13 white draconians
  11 yellow draconians
  2 spark wasps
  17 red draconians
  21 lorocyprocas
  15 deep elf death magi
  23 ettins
  A merfolk javelineer (Shoals:4)
  4 black suns
  9 eidola
  2 spark wasps (shapeshifter) (Zig:16)
  A kraken zombie (Hell)
  29 green deaths (Pan)
  The ghost of Xizathroimu the Bludgeoner, a journeyman GrFi of the Shining One (D:15)
  22 fire dragons
  12 merfolk impalers
  14 death oozes
  31 blizzard demons
  12 ogre magi
  22 mummy priests
  8 jiangshi
  28 yaktaur captains
  6 deep elf high priests
  A great orb of eyes (shapeshifter) (D:14)
  4 rakshasas
  Harold (D:7)
  40 ice dragons
  11 monstrous demonspawn (Pan)
  33 vault guards
  13 great orbs of eyes
  3 naga warriors (Zig:10)
  5 quicksilver dragon skeletons
  6 spriggan air magi
  13 centaur warriors
  10 hydras
  32 two-headed ogres
  3 hell beasts
  5 merfolk avatars
  128 death scarabs
  An alligator (Zig:13)
  2 shambling mangroves (Zig:13)
  3 ghost crabs
  2 catoblepae
  19 dancing weapons
  5 death knights
  4 merfolk aquamancers
  11 vampire magi
  6 death yaks (Lair:6)
  A queen ant (Lair:2)
  8 tengu warriors
  6 titan zombies
  7 deep troll shamans
  10 deep troll earth magi
  6 satyrs
  Urug (Lair:5)
  24 hell hogs
  A shock serpent (shapeshifter) (Zig:16)
  7 orc high priests
  3 iron golems
  Nergalle (D:12)
  A naga sharpshooter (Zig:10)
  4 spriggan berserkers
  Sonja (Lair:5)
  6 storm dragon zombies
  60 sun demons
  4 shock serpents
  30 deep elf knights
  11 wretched stars
  6 thrashing horrors
  8 iron trolls
  A fire crab (Shoals:2)
  55 soul eaters
  17 shadow wraiths
  An iron troll (shapeshifter) (Zig:16)
  29 sixfirhies (Pan)
  47 hell knights
  149 skeletal warriors
  5 titan skeletons
  25 starcursed masses
  13 anaconda zombies
  3 unseen horrors
  5 golden dragon zombies
  18 shadow demons
  13 torturous demonspawn (Pan)
  27 deep trolls
  11 glowing orange brains
  19 cherubim
  A spatial maelstrom (Abyss:3)
  6 kraken simulacra (Coc:7)
  4 storm dragon skeletons
  A spriggan druid (Zig:13)
  2 ghost moth zombies
  13 sea snakes
  2 infernal demonspawn (Pan)
  An entropy weaver zombie (Crypt:2)
  12 flayed ghosts
  4 gelid demonspawn (Pan)
  15 deep elf archers
  A quicksilver dragon simulacrum (Crypt:1)
  3 shadow dragon zombies
  A lindwurm (Lair:6)
  7 anaconda skeletons
  5 iron dragon zombies
  16 orc knights
  21 ironbrand convokers
  A sphinx zombie (Vaults:5)
  3 swamp dragons
  17 harpies
  11 orb spiders
  13 wizards
  19 phantasmal warriors
  A mana viper (Abyss:3)
  22 necromancers
  6 golden dragon skeletons
  3 spectral wolf spiders (Spider:4)
  11 fire giant zombies
  3 oklob plants
  3 human zombies
  9 frost giant zombies
  25 fauns
  4 shadow dragon skeletons
  21 wolf spiders
  73 deep elf magi
  A faun (shapeshifter) (Vaults:5)
  10 wolf spider zombies
  4 draconians (Abyss:3)
  8 shining eyes
  7 orc sorcerers
  9 cyclopes
  4 iron dragon skeletons
  6 worldbinders
  2 tengu skeletons
  9 stone giant zombies
  60 ugly things
  8 manticores
  15 merfolk sirens
  32 moths of wrath
  3 shock serpent zombies
  6 apocalypse crabs
  44 rust devils
  Psyche (D:8)
  4 fire giant skeletons
  9 stone giant skeletons
  5 frost giant skeletons
  15 black mambas
  5 dire elephant zombies
  A shock serpent skeleton (Geh:7)
  66 smoke demons
  A catoblepas zombie (Dis:3)
  A guardian serpent (Lair:5)
  A torpor snail (Spider:3)
  An ice statue (Hell)
  A spiny frog (shapeshifter) (Depths:2)
  18 vault sentinels
  6 water nymphs
  13 molten gargoyles
  2 naga magi (Zig:10)
  26 orange demons
  3 titan simulacra (Coc:7)
  20 elephants
  23 spiny frogs
  9 eyes of devastation
  4 dire elephant skeletons
  3 gargoyles (Depths:2)
  49 freezing wraiths
  10 storm dragon simulacra (Coc:7)
  4 rime drakes (Lair:6)
  3 spectral redbacks (Spider:4)
  2 rime drakes (shapeshifter)
  78 yaktaurs
  42 tormentors
  34 ice devils
  36 hellwings
  A yellow draconian skeleton (Crypt:2)
  An iron troll zombie (Crypt:3)
  7 anaconda simulacra
  4 emperor scorpion zombies
  34 hellions
  31 demonic crawlers
  11 efreet
  9 komodo dragons
  A catoblepas skeleton (Tar:3)
  A kobold demonologist (D:10)
  A redback zombie (Spider:4)
  An elf (Depths:2)
  60 guardian mummies
  A purple draconian skeleton (Pan)
  A merfolk (shapeshifter) (D:15)
  2 tengu conjurers
  7 harpy zombies
  11 trolls
  9 meliai
  49 red devils
  12 hydra zombies
  15 ancient zymes
  3 silent spectres
  A wandering mushroom (Lair:1)
  32 jumping spiders
  A jumping spider (shapeshifter) (Depths:4)
  34 merfolk
  4 spectral tarantellas (Spider:4)
  2 polar bears
  A queen bee (Spider:2)
  2 harpy skeletons
  5 wind drakes
  A tarantella zombie (Crypt:3)
  2 tyrant leeches (Zig:13)
  7 hydra skeletons
  12 bog bodies
  A hippogriff (shapeshifter) (Vaults:5)
  2 raiju (shapeshifter)
  Prince Ribbit (D:7)
  30 hornets
  103 slime creatures
  8 snapping turtles
  4 elf zombies
  A wind drake (shapeshifter) (Depths:3)
  14 raiju
  A spectral jumping spider (Spider:4)
  13 blink frogs
  A meliai zombie (D:9)
  3 fire dragon zombies
  13 hippogriffs
  14 dream sheep
  A fire giant simulacrum (Coc:3)
  6 alligator zombies
  2 jumping spider zombies
  Sigmund (D:2)
  5 ice dragon zombies
  3 black mamba zombies
  5 air elementals
  129 flying skulls
  3 spriggans
  8 ettin zombies
  21 shadows
  6 fire dragon skeletons
  6 ice dragon skeletons
  109 large abominations
  A redback (shapeshifter) (Zig:16)
  70 redbacks
  22 water elementals
  10 wyverns
  6 vampires
  40 ynoxinuls
  37 yaks
  An alligator skeleton (Hell)
  A tarantella (shapeshifter) (Depths:5)
  2 black mamba skeletons
  22 tarantellas
  8 ettin skeletons
  42 wraiths
  Eustachio (D:6)
  9 ushabtiu
  A spriggan (shapeshifter) (D:15)
  8 hungry ghosts
  4 basilisks
  11 fire bats
  15 golden eyes
  29 fire elementals
  2 hogs (D:14)
  A human (shapeshifter) (Vaults:5)
  30 neqoxecs
  A hog (shapeshifter) (Depths:3)
  11 vampire mosquitoes
  A basilisk (shapeshifter) (Abyss:3)
  31 chaos spawn
  2 humans (Depths:2)
  A glowing shapeshifter zombie (Crypt:3)
  A tyrant leech zombie (Crypt:1)
  2 steam dragons (Lair:6)
  A warg (shapeshifter) (Depths:5)
  5 insubstantial wisps (Abyss:3)
  2 nagas (Zig:10)
  5 hydra simulacra (Coc:7)
  A spatial vortex (Abyss:3)
  4 acid dragons
  8 wargs
  A floating eye (shapeshifter) (Vaults:5)
  8 soldier ants
  22 water moccasins
  7 porcupines
  65 hell hounds
  8 spiny frog zombies
  5 floating eyes
  An infernal demonspawn skeleton (Crypt:1)
  4 swamp drakes (Zig:13)
  4 black bears
  42 orc warriors
  5 spiny frog skeletons
  A hornet zombie (D:13)
  10 ice beasts
  A sky beast (shapeshifter) (Depths:4)
  4 swamp dragon zombies
  5 phantoms
  4 slaves (Depths:2)
  A tengu (shapeshifter) (Vaults:1)
  A black bear (shapeshifter) (Depths:2)
  An ettin simulacrum (Vaults:4)
  16 eyes of draining
  28 ogres
  16 necrophages
  4 sky beasts
  A dream sheep zombie (Crypt:3)
  A manticore zombie (Tomb:3)
  An ice dragon simulacrum (Abyss:1)
  An eye of draining (shapeshifter) (Abyss:1)
  24 centaurs
  3 manticore skeletons
  A hog zombie (Crypt:2)
  14 boggarts
  5 snapping turtle zombies
  7 wolves
  3 snapping turtle skeletons
  3 swamp dragon skeletons
  19 crocodiles
  A yaktaur zombie (Crypt:1)
  A draconian zombie (Crypt:3)
  13 big kobolds
  20 bullfrogs
  A wyvern zombie (D:14)
  2 earth elementals
  A spiny frog simulacrum (Coc:2)
  3 scorpions
  14 small abominations
  A wyvern skeleton (D:6)
  An orc simulacrum (Vaults:1)
  2 queen bee zombies (Crypt:1)
  16 killer bees
  2 swamp dragon simulacra
  74 wights
  An elf simulacrum (Vaults:1)
  3 spriggan skeletons
  4 electric eels
  8 howler monkeys
  17 crimson imps
  5 lava snakes (Lair:4)
  3 centaur zombies
  5 quasits
  A bullfrog zombie (D:2)
  A human simulacrum (Vaults:2)
  25 orc priests
  6 hounds
  4 jellies
  11 centaur skeletons
  A soldier ant zombie (Crypt:3)
  2 bullfrog skeletons
  36 orc wizards
  2 gnoll shamans
  31 iron imps
  A human skeleton (Coc:7)
  6 iguanas
  18 worker ants
  2 spectral hounds (Depths:2)
  2 hound zombies
  72 mummies
  7 gnolls
  13 adders
  17 shadow imps
  26 white imps
  2 ufetubi
  3 oozes
  3 adder skeletons
  5 worms
  3 dart slugs
  3 leopard geckos
  103 orcs
  4 giant cockroaches
  4 goblins
  11 hobgoblins
  10 jackals
  3 quokkas
  8 bats
  4 frilled lizards
  A goblin skeleton (Crypt:2)
  A hobgoblin zombie (Crypt:3)
  43 kobolds
  6 kobold skeletons (D:10)
  15 kobold zombies
  2 orc zombies
  8 rats
  136 blocks of ice
  5 fire vortices
  A fungus (Depths:3)
  3 lurking horrors
  224 plants
  3 starspawn tentacles
  11 tentacles (Coc:7)
6311 creatures vanquished.

Vanquished Creatures (collateral kills)
  A greater mummy (Tomb:1)
  An Ice Fiend (Coc:7)
  A tentacled monstrosity (Pan)
  5 acid blobs
  A nagaraja (Zig:10)
  2 cacodemons (Pan)
  A draconian stormcaller (Zot:4)
  A draconian annihilator (Abyss:3)
  A stone giant (Vaults:5)
  A vampire knight (Crypt:3)
  A lorocyproca (Pan)
  A black draconian (Zot:4)
  A ghost crab (Zig:11)
  2 death scarabs
  A titan skeleton (Zig:14)
  A soul eater (Pan)
  A storm dragon skeleton (Geh:4)
  2 skeletal warriors
  A glowing orange brain (Zig:6)
  An ironbrand convoker (Vaults:5)
  An elf zombie (Zig:14)
  A stone giant skeleton (Pan)
  An ice devil (Dis:7)
  A blink frog (Zig:13)
  3 slime creatures
  2 starcursed masses
  2 ynoxinuls (Pan)
  6 golden eyes
  3 neqoxecs
  A chaos spawn (Abyss:3)
  4 floating eyes
  A black bear (shapeshifter) (Vaults:5)
  An orc warrior (D:5)
  An eye of draining (Pan)
  An ice beast (D:6)
  An ogre (Zig:9)
  2 small abominations (Abyss:3)
  A killer bee (D:10)
  3 wights
  2 centaur zombies
  An orc priest (Zig:9)
  A jelly (D:9)
  2 mummies
  2 white imps (Abyss:3)
  An ufetubus (Abyss:3)
  A hobgoblin (D:2)
  A bat (D:2)
  A rat (D:2)
  7 blocks of ice
82 creatures vanquished.

Vanquished Creatures (others)
  A sphinx (Vaults:5)
  3 hell hogs
  A large abomination (Abyss:3)
  A rust devil (Dis:7)
  2 wraiths
  A human (D:14)
  An orc warrior (D:6)
  A bullfrog (D:6)
  A centaur skeleton (Geh:3)
  An orc priest (Orc:2)
  A small abomination (Abyss:2)
  An adder skeleton (D:6)
  A leopard gecko (D:6)
  1645 blocks of ice
  2 bushes (Lair:6)
  576 fire vortices
  53 fungi
  2 lurking horrors (Abyss:3)
  84 plants
  15 starspawn tentacles
  5 tentacles (Coc:7)
2398 creatures vanquished.

Grand Total: 8791 creatures vanquished

Notes
Turn   | Place    | Note
-------+----------+-------------------------------------------
     0 | D:1      | Hasart the Deep Elf Wizard began the quest for the Orb.
     0 | D:1      | Reached XP level 1. HP: 10/10 MP: 7/7
   562 | D:1      | Reached XP level 2. HP: 15/15 MP: 7/9
   914 | D:1      | Learned a level 2 spell: Call Imp
   917 | D:1      | Learned a level 2 spell: Blink
  1449 | D:2      | Reached XP level 3. HP: 19/19 MP: 9/11
  1459 | D:1      | Learned a level 3 spell: Mephitic Cloud
  1799 | D:2      | Reached XP level 4. HP: 9/24 MP: 3/12
  2195 | D:2      | Reached skill level 5 in Spellcasting
  2244 | D:2      | Reached skill level 1 in Poison Magic
  2341 | D:2      | Noticed Sigmund
  2357 | D:2      | Killed Sigmund
  2357 | D:2      | Reached skill level 1 in Short Blades
  2357 | D:2      | Reached skill level 1 in Air Magic
  2357 | D:2      | Reached XP level 5. HP: 18/28 MP: 11/14
  2357 | D:2      | Reached XP level 6. HP: 20/32 MP: 12/16
  2793 | D:3      | Found a transporter.
  2797 | D:3      | Noticed Visage's ghost (amateur SpHu)
  3341 | D:3      | Found a transporter.
  4263 | D:4      | Reached XP level 7. HP: 36/36 MP: 5/17
  4420 | D:4      | Reached skill level 1 in Evocations
  4869 | D:5      | Entered Level 5 of the Dungeon
  4942 | D:5      | Found a snail-covered altar of Cheibriados.
  5728 | D:5      | Reached XP level 8. HP: 15/41 MP: 1/19
  5958 | D:5      | Got a scorched hunting sling
  5959 | D:5      | Identified the cursed +3 hunting sling "Tikanaud" {speed,
                  | rElec rC- Int-4 Dex+8} (You found it on level 5 of the
                  | Dungeon)
  6065 | D:5      | Reached skill level 5 in Conjurations
  6665 | D:6      | Noticed Eustachio
  6904 | D:6      | Killed Eustachio
  6997 | D:6      | Reached skill level 5 in Dodging
  7443 | D:6      | Found Anoaffin's Assorted Antiques.
  7454 | D:6      | Reached XP level 9. HP: 40/45 MP: 11/21
  7653 | D:6      | Found a shimmering altar of Xom.
  8325 | D:7      | Noticed Prince Ribbit
  8335 | D:7      | Noticed Harold
  8785 | D:7      | Killed Prince Ribbit
  9291 | D:7      | Killed Harold
  9616 | D:7      | Found a staircase to the Ecumenical Temple.
  9626 | Temple   | Entered the Ecumenical Temple
  9717 | Temple   | Became a worshipper of Vehumet
  9831 | D:7      | Reached skill level 5 in Summonings
  9995 | D:7      | Reached XP level 10. HP: 50/50 MP: 12/23
 10247 | D:8      | Noticed a green ugly thing
 10860 | D:7      | Reached * piety under Vehumet
 10860 | D:7      | Offered knowledge of Shock by Vehumet.
 10913 | D:8      | Noticed Psyche
 10935 | D:8      | Killed Psyche
 10935 | D:8      | Reached skill level 5 in Poison Magic
 11042 | D:8      | Learned a level 1 spell: Pain
 11336 | D:8      | Reached skill level 1 in Necromancy
 11595 | D:8      | Killed a green ugly thing
 12028 | D:9      | Reached skill level 1 in Long Blades
 12285 | D:9      | Reached skill level 5 in Evocations
 13150 | D:9      | Reached ** piety under Vehumet
 13150 | D:9      | Offered knowledge of Foxfire by Vehumet.
 13506 | D:9      | Found a staircase to the Lair.
 13655 | D:9      | Found a staircase to the Orcish Mines.
 13774 | D:10     | Entered Level 10 of the Dungeon
 14260 | D:10     | Reached XP level 11. HP: 38/54 MP: 16/26
 14381 | D:10     | Offered knowledge of Searing Ray by Vehumet.
 14385 | D:10     | Learned a level 2 spell: Searing Ray
 14408 | D:10     | Found a stormy altar of Qazlal.
 14689 | D:10     | Reached *** piety under Vehumet
 14748 | D:10     | Offered knowledge of Sticky Flame by Vehumet.
 14779 | D:10     | Learned a level 4 spell: Sticky Flame
 14822 | D:10     | Reached **** piety under Vehumet
 14895 | D:10     | Offered knowledge of Fulminant Prism by Vehumet.
 15117 | D:10     | Found Ofuxzuod's Antique Weapon Shop.
 15122 | D:10     | Bought an ichor-stained great sword for 310 gold pieces
 15122 | D:10     | Identified the +5 great sword of Semn {freeze, rF++ rC++
                  | Stlth-} (You bought it in a shop on level 10 of the
                  | Dungeon)
 15255 | D:10     | Found an ancient bone altar of Kikubaaqudgha.
 15415 | D:11     | Reached skill level 10 in Conjurations
 15415 | D:11     | Reached skill level 1 in Fire Magic
 15500 | D:11     | Noticed a two-headed ogre
 15508 | D:11     | Killed a two-headed ogre
 15553 | D:11     | Identified the Tome of Conjuration
 15615 | D:11     | Noticed a tengu warrior
 15631 | D:11     | Killed a tengu warrior
 15782 | D:11     | Reached skill level 5 in Necromancy
 16414 | D:12     | Reached ***** piety under Vehumet
 16430 | D:11     | Reached skill level 10 in Spellcasting
 16553 | D:12     | Offered knowledge of Olgreb's Toxic Radiance by Vehumet.
 16562 | D:12     | Learned a level 4 spell: Olgreb's Toxic Radiance
 16805 | D:12     | Noticed Nergalle
 16822 | D:12     | Killed Nergalle
 17135 | D:12     | Reached XP level 12. HP: 57/59 MP: 19/28
 17617 | D:12     | Noticed a two-headed ogre
 17625 | D:12     | Killed a two-headed ogre
 18239 | Orc:1    | Entered Level 1 of the Orcish Mines
 18321 | Orc:1    | Offered knowledge of Lee's Rapid Deconstruction by Vehumet.
 18545 | Orc:2    | Entered Level 2 of the Orcish Mines
 19114 | Orc:2    | Found a staircase to the Elven Halls.
 19209 | Orc:1    | Reached skill level 10 in Dodging
 19490 | Orc:2    | Noticed an orc high priest
 19496 | Orc:2    | Killed an orc high priest
 19524 | Orc:2    | Offered knowledge of Bolt of Magma by Vehumet.
 19668 | Orc:2    | Noticed an orc high priest
 19669 | Orc:2    | Noticed an orc high priest
 19680 | Orc:2    | Killed an orc high priest
 19699 | Orc:2    | Killed an orc high priest
 19797 | Orc:2    | Found Zotaf's Jewellery Shoppe.
 19797 | Orc:2    | Found Zumn's Armour Boutique.
 19799 | Orc:2    | Found Nimint's Distillery.
 19799 | Orc:2    | Found Wolilessesk's Gadget Boutique.
 19810 | Orc:2    | Bought a scarf of cloud immunity for 91 gold pieces
 19818 | Orc:2    | Bought 2 potions of curing for 72 gold pieces
 19818 | Orc:2    | Bought a potion of ambrosia for 96 gold pieces
 20096 | Orc:2    | Found Weicwoewk's Magic Scroll Shoppe.
 20154 | Orc:2    | Bought a scroll of acquirement for 624 gold pieces
 20154 | Orc:2    | Bought a scroll of remove curse for 36 gold pieces
 20154 | Orc:2    | Bought a scroll of fog for 24 gold pieces
 20154 | Orc:2    | Bought a scroll of fear for 42 gold pieces
 20154 | Orc:2    | Bought a scroll of teleportation for 36 gold pieces
 20154 | Orc:2    | Identified the ring "Qioss" {rC+ Str+2} (You acquired it on
                  | level 2 of the Orcish Mines)
 20354 | Lair:1   | Entered Level 1 of the Lair of Beasts
 20489 | Lair:1   | Reached XP level 13. HP: 63/63 MP: 25/31
 20892 | Lair:1   | Reached skill level 1 in Fighting
 22028 | Lair:2   | Reached skill level 1 in Armour
 22354 | Lair:2   | Reached skill level 1 in Shields
 22437 | Lair:2   | Found a staircase to the Shoals.
 22700 | Lair:2   | Got a faintly humming scale mail
 22701 | Lair:2   | Identified the +3 scale mail of the Lost Path {-Cast rPois
                  | rCorr} (You found it on level 2 of the Lair of Beasts)
 23369 | Lair:3   | Found a hole to the Spider Nest.
 23446 | Lair:3   | Offered knowledge of Iron Shot by Vehumet.
 23455 | Lair:3   | Learned a level 6 spell: Iron Shot
 24340 | Lair:4   | Reached skill level 1 in Earth Magic
 24762 | Lair:4   | You fall into a shaft and drop 2 floors!
 24762 | Lair:6   | Entered Level 6 of the Lair of Beasts
 25666 | Lair:6   | Reached XP level 14. HP: 22/74 MP: 5/33
 26035 | Lair:6   | Found a shadowy altar of Dithmenos.
 26203 | Lair:5   | Found a staircase to the Slime Pits.
 26203 | Lair:5   | Found a viscous altar of Jiyva.
 26433 | Lair:4   | Offered knowledge of Fireball by Vehumet.
 26948 | Lair:4   | Learned a level 6 spell: Ozocubu's Refrigeration
 27344 | Lair:5   | Reached skill level 1 in Ice Magic
 27384 | Lair:5   | Reached skill level 15 in Conjurations
 27388 | Lair:5   | Noticed Sonja
 27398 | Lair:5   | Killed Sonja
 27643 | Lair:5   | Noticed Urug
 27655 | Lair:5   | Killed Urug
 27740 | Lair:5   | Reached skill level 5 in Earth Magic
 28994 | Lair:6   | Reached skill level 5 in Ice Magic
 29077 | Lair:6   | Reached skill level 5 in Fighting
 29587 | Lair:6   | Reached XP level 15. HP: 82/82 MP: 24/35
 30265 | D:13     | Offered knowledge of Conjure Ball Lightning by Vehumet.
 30414 | D:13     | Got a bronze leather armour
 30415 | D:13     | Identified the cursed +0 leather armour of Freedom {-Cast
                  | rElec rC+ Stlth+} (You found it on level 13 of the Dungeon)
 30626 | D:13     | Reached skill level 5 in Shields
 31537 | D:14     | Noticed Kirke
 31548 | D:14     | Killed Kirke
 31588 | D:14     | Noticed Jorgrun
 31594 | D:14     | Killed Jorgrun
 31605 | D:14     | Reached ****** piety under Vehumet
 31723 | D:14     | Identified Roxanne's Compendium of the Mountains
 31723 | D:14     | Noticed Roxanne
 31724 | D:14     | Offered knowledge of Lehudib's Crystal Spear by Vehumet.
 32610 | D:14     | Noticed Louise
 32653 | D:14     | Killed Louise
 32838 | D:14     | Found a gate to the Vaults.
 33253 | D:14     | Found Taxzycio's Assorted Antiques.
 33259 | D:14     | Bought a leatherbound book for 525 gold pieces
 33262 | D:14     | Learned a level 2 spell: Swiftness
 33299 | D:14     | Reached skill level 15 in Spellcasting
 33428 | D:15     | Entered Level 15 of the Dungeon
 33578 | D:14     | Killed Roxanne
 33804 | D:15     | Reached XP level 16. HP: 57/88 MP: 13/37
 33957 | D:15     | Noticed Xizathroimu's ghost (journeyman GrFi)
 34225 | D:15     | Found a runed translucent gate.
 34227 | D:15     | Found a runed translucent gate.
 34228 | D:15     | Found a runed translucent gate.
 34230 | D:15     | Found Huevezo's Magic Scroll Boutique.
 34528 | D:15     | Found a staircase to the Depths.
 34822 | Spider:1 | Entered Level 1 of the Spider Nest
 34825 | Spider:1 | Reached skill level 10 in Ice Magic
 34946 | Spider:1 | Paralysed by a hornet for 3 turns
 35227 | Elf:1    | Entered Level 1 of the Elven Halls
 35310 | Elf:1    | Found Noatod's Magic Scroll Emporium.
 35324 | Elf:1    | Bought a scroll of identify for 26 gold pieces
 35324 | Elf:1    | Bought a scroll of identify for 26 gold pieces
 35324 | Elf:1    | Bought a scroll of identify for 26 gold pieces
 35324 | Elf:1    | Bought a scroll of teleportation for 39 gold pieces
 35324 | Elf:1    | Bought a scroll of identify for 26 gold pieces
 35758 | Elf:1    | Found Jagush's Distillery.
 35768 | Elf:1    | Bought a potion of brilliance for 72 gold pieces
 35768 | Elf:1    | Bought a potion of resistance for 180 gold pieces
 35768 | Elf:1    | Bought a potion of curing for 54 gold pieces
 35768 | Elf:1    | Bought a potion of curing for 54 gold pieces
 35926 | Elf:1    | Found Saowo's Magic Scroll Boutique.
 35940 | Elf:1    | Found Ibum's Armour Emporium.
 36126 | D:6      | Bought a leatherbound book for 480 gold pieces
 36403 | Elf:1    | Found Qafimeu's Armour Shoppe.
 36411 | Elf:1    | Bought a scarf of repulsion for 240 gold pieces
 37777 | Elf:2    | Found a huge runed translucent gate.
 37777 | Elf:2    | Found a huge runed translucent gate.
 37777 | Elf:2    | Found a huge runed translucent gate.
 37777 | Elf:2    | Found a huge runed translucent gate.
 37777 | Elf:2    | Found a huge runed translucent gate.
 38151 | Elf:2    | Reached XP level 17. HP: 93/93 MP: 23/39
 38271 | Elf:2    | Offered knowledge of Fire Storm by Vehumet.
 38271 | Elf:2    | Offered knowledge of Chain Lightning by Vehumet.
 38271 | Elf:2    | Offered knowledge of Tornado by Vehumet.
 38783 | Elf:2    | Reached skill level 5 in Fire Magic
 38993 | Elf:3    | Entered Level 3 of the Elven Halls
 39405 | Elf:3    | Found Qubrisask's Book Shop.
 39406 | Elf:3    | Found Qiavatay's Food Boutique.
 39406 | Elf:3    | Found Ocvissig's Weapon Shop.
 39447 | Elf:3    | Identified the ring "Qerghecae" {rN+ Dex+4}
 39576 | Elf:3    | Found Wamaumo's Gadget Boutique.
 39842 | Elf:3    | Identified the +2 robe "Rocaream" {Str+3}
 40101 | Elf:3    | Identified the +5 plate armour of Darkness {rF- Str+2
                  | Int+9}
 40101 | Elf:3    | Noticed a deep elf master archer
 40104 | Elf:3    | Killed a deep elf master archer
 40945 | Elf:3    | Identified the +10 plate armour "Ceoxelo" {rPois rC- Int-2
                  | Dex+9}
 41348 | Spider:1 | Noticed Asterion
 41421 | Shoals:1 | Entered Level 1 of the Shoals
 41784 | Shoals:1 | Reached XP level 18. HP: 98/98 MP: 29/41
 42555 | Shoals:2 | Noticed Ilsuiw
 42561 | Shoals:2 | Killed Ilsuiw
 43167 | Shoals:2 | Reached skill level 15 in Ice Magic
 43254 | Shoals:2 | Learned a level 9 spell: Absolute Zero
 43859 | Shoals:3 | Found a runed translucent gate.
 43860 | Shoals:3 | Found a runed translucent gate.
 43861 | Shoals:3 | Found a runed translucent gate.
 43863 | Shoals:3 | Noticed Flugslaktarn's ghost (adept MiFi)
 44362 | Shoals:4 | Entered Level 4 of the Shoals
 44624 | Shoals:4 | Got a scorched battleaxe
 44625 | Shoals:4 | Identified the cursed +3 battleaxe of the Moth {freeze, MR+
                  | Str+4 Int-2} (You found it on level 4 of the Shoals)
 45057 | Shoals:4 | Identified the Grimoire of the Ensnaring Snowflakes
 45186 | Shoals:4 | Got a barnacled rune of Zot
 45434 | Shoals:4 | Reached XP level 19. HP: 103/103 MP: 26/43
 45552 | Shoals:4 | Found a bloodstained altar of Trog.
 46011 | Spider:1 | Killed Asterion
 46533 | Spider:1 | Noticed Azrael
 46535 | Spider:1 | Killed Azrael
 46981 | Spider:2 | Found the brooch of Shielding {Reflect SH+8}
 49147 | Spider:4 | Entered Level 4 of the Spider Nest
 50229 | Spider:4 | Noticed Arachne
 50303 | Spider:4 | Killed Arachne
 51243 | Spider:4 | Reached XP level 20. HP: 108/108 MP: 16/44
 51318 | Spider:4 | Got a gossamer rune of Zot
 51696 | Vaults:1 | Entered Level 1 of the Vaults
 52231 | Vaults:1 | Noticed Saint Roka
 52233 | Vaults:1 | Killed Saint Roka
 52665 | Vaults:1 | Reached skill level 10 in Fire Magic
 53775 | Vaults:2 | Learned a level 8 spell: Ignition
 54298 | Vaults:2 | Found a staircase to the Crypt.
 54742 | Vaults:2 | Reached XP level 21. HP: 113/116 MP: 19/45
 59056 | Vaults:4 | Found Oruoc Uwybu's Antique Armour Boutique.
 59095 | Vaults:4 | Reached XP level 22. HP: 112/125 MP: 41/48
 59263 | Crypt:1  | Entered Level 1 of the Crypt
 59482 | Depths:1 | Entered Level 1 of the Depths
 59826 | Depths:1 | Reached skill level 10 in Fighting
 60071 | Depths:1 | Found Ofuf's Pet Rocks.
 60352 | Depths:1 | Found a gateway to Hell.
 60710 | Vaults:4 | Bought a steaming kite shield for 266 gold pieces
 60710 | Vaults:4 | Bought a heavily runed leather armour for 196 gold pieces
 60710 | Vaults:4 | Bought a thick robe for 159 gold pieces
 60710 | Vaults:4 | Identified the cursed +0 kite shield "Bidedip" {rPois rN+
                  | Str-2} (You bought it in a shop on level 4 of the Vaults)
 60711 | Vaults:4 | Identified the cursed +1 robe of Focus {*Slow +Fly MP+9
                  | Str+3} (You bought it in a shop on level 4 of the Vaults)
 60712 | Vaults:4 | Identified the +1 leather armour of Patience {rElec Slay+3}
                  | (You bought it in a shop on level 4 of the Vaults)
 61146 | Elf:3    | Bought a Necronomicon for 1766 gold pieces
 61155 | Elf:3    | Bought a ration for 50 gold pieces
 61155 | Elf:3    | Bought a ration for 50 gold pieces
 61155 | Elf:3    | Bought a ration for 50 gold pieces
 61155 | Elf:3    | Bought a ration for 50 gold pieces
 61155 | Elf:3    | Bought a ration for 50 gold pieces
 61155 | Elf:3    | Bought a ration for 50 gold pieces
 61155 | Elf:3    | Bought a ration for 50 gold pieces
 61155 | Elf:3    | Bought a ration for 50 gold pieces
 61155 | Elf:3    | Bought a ration for 50 gold pieces
 62809 | Depths:2 | You fall into a shaft and drop 1 floor!
 62809 | Depths:3 | Noticed a juggernaut
 62810 | Depths:3 | Killed a juggernaut
 62988 | Depths:3 | Reached skill level 15 in Fire Magic
 62988 | Depths:3 | Reached XP level 23. HP: 68/132 MP: 41/50
 63276 | Depths:3 | Noticed Jory
 63278 | Depths:3 | Killed Jory
 63316 | Depths:3 | Found a snail-covered altar of Cheibriados.
 63316 | Depths:3 | Found a sacrificial altar of Ru.
 63317 | Depths:3 | Found a shimmering altar of Xom.
 63329 | Depths:3 | Found a one-way gate leading to the halls of Pandemonium.
 63397 | Depths:3 | Found a gateway to a ziggurat.
 63398 | Depths:3 | Found a one-way gate to the infinite horrors of the Abyss.
 64243 | Depths:2 | Found The Legendary Ceinoy Linum's Legendary Smithy.
 64301 | Depths:2 | Found Jack's Jerk-a-riffic Jerky.
 64310 | Depths:2 | Bought a ration for 60 gold pieces
 64310 | Depths:2 | Bought a ration for 60 gold pieces
 64310 | Depths:2 | Bought a ration for 60 gold pieces
 64310 | Depths:2 | Bought a ration for 60 gold pieces
 64376 | Depths:2 | Found Malluc's Miraculous Elixirs.
 64420 | Depths:2 | Found Tuexzil's Slaves and Accessories.
 65429 | Depths:3 | Noticed a juggernaut
 65431 | Depths:3 | Killed a juggernaut
 65692 | Depths:4 | Reached XP level 24. HP: 89/137 MP: 23/51
 66303 | Depths:4 | Identified the ring of the Establishment {rElec rF++ rC-
                  | Dex+5}
 67061 | Depths:4 | Noticed an ancient lich
 67062 | Depths:4 | Killed an ancient lich
 67438 | Depths:5 | Entered Level 5 of the Depths
 67549 | Depths:5 | Noticed a juggernaut
 67550 | Depths:5 | Killed a juggernaut
 67755 | Depths:5 | Noticed Boris
 67757 | Depths:5 | Killed Boris
 67913 | Depths:5 | Found a gate to the Realm of Zot.
 67937 | Depths:5 | Got a crude scale mail
 67938 | Depths:5 | Identified the +1 scale mail "Govot" {rElec rC+ Str-2} (You
                  | found it on level 5 of the Depths)
 68624 | Vaults:3 | Identified the +4 war axe of Exquisite Torment {vorpal,
                  | Fragile +Inv rC+ Dex+4} (You found it on level 3 of the
                  | Vaults)
 68659 | Crypt:1  | Reached XP level 25. HP: 141/141 MP: 45/52
 68733 | Crypt:1  | Learned a level 9 spell: Fire Storm
 69944 | Crypt:2  | Noticed Mennas
 69955 | Crypt:2  | Killed Mennas
 71216 | Crypt:3  | Entered Level 3 of the Crypt
 71583 | Crypt:3  | Identified the ring of Vodka {rF+ rN+}
 71694 | Crypt:3  | Identified the ring of Happiness {rElec rC- rN+ Str+2}
 71809 | Crypt:3  | Reached skill level 15 in Dodging
 71993 | Crypt:3  | Learned a level 8 spell: Necromutation
 72132 | Crypt:3  | Reached skill level 1 in Transmutations
 72173 | Crypt:3  | Noticed an ancient lich
 72175 | Crypt:3  | Killed an ancient lich
 72187 | Crypt:3  | Identified the Compendium of Sinister Secrets
 72313 | Crypt:3  | Found a staircase to the Tomb.
 72357 | Tomb:1   | Entered Level 1 of the Tomb of the Ancients
 73160 | Tomb:1   | Noticed an ancient lich
 73162 | Tomb:1   | Killed an ancient lich
 73162 | Tomb:1   | Reached XP level 26. HP: 147/147 MP: 45/53
 73876 | Vaults:5 | Entered Level 5 of the Vaults
 73877 | Vaults:5 | Reached skill level 5 in Transmutations
 74213 | Hell     | Entered the Vestibule of Hell
 74213 | Hell     | Noticed Geryon
 74216 | Hell     | Killed Geryon
 75309 | Depths:3 | Voluntarily entered the Abyss.
 75309 | Abyss:1  | Found a corrupted altar of Lugonu.
 75374 | Abyss:1  | Found a corrupted altar of Lugonu.
 75380 | Abyss:2  | Found a corrupted altar of Lugonu.
 75420 | Abyss:2  | Found a corrupted altar of Lugonu.
 75539 | Depths:3 | Escaped the Abyss
 75875 | Hell     | Found a gateway to the Iron City of Dis.
 75988 | Hell     | Found a gateway to the decaying netherworld of Tartarus.
 76031 | Hell     | Found a gateway to the ashen valley of Gehenna.
 76150 | Hell     | Found a gateway to the freezing wastes of Cocytus.
 76257 | Depths:3 | Learned a level 8 spell: Controlled Blink
 77202 | Slime:1  | Entered Level 1 of the Pits of Slime
 77825 | Slime:2  | Reached skill level 5 in Translocations
 77855 | Slime:2  | Reached skill level 10 in Necromancy
 78465 | Slime:4  | Reached XP level 27. HP: 153/153 MP: 22/54
 78838 | Slime:5  | Entered Level 5 of the Pits of Slime
 78863 | Slime:5  | Noticed the Royal Jelly
 78867 | Slime:5  | Killed the Royal Jelly
 79198 | Slime:5  | Got a fine glass ring
 79199 | Slime:5  | Identified the ring "Ukaorch Juach" {*Tele *Contam +Inv
                  | rPois SInv} (You found it on level 5 of the Pits of Slime)
 79202 | Slime:5  | Got a slimy rune of Zot
 79203 | Slime:5  | Identified the Compendium of the Ancient Runes
 79217 | Slime:5  | Identified the Collected Works on the Spatial Volcanoes
 79237 | Slime:5  | Got a translucent whip
 79238 | Slime:5  | Identified the +7 whip "Gufu Yfump" {freeze, +Inv rN+ SInv}
                  | (You found it on level 5 of the Pits of Slime)
 79249 | Slime:5  | Got a brightly glowing dagger
 79250 | Slime:5  | Identified the +11 dagger "Yqior" {vamp, +Rage MR+ Int-2
                  | Dex+2} (You found it on level 5 of the Pits of Slime)
 80325 | Zot:1    | Entered Level 1 of the Realm of Zot
 80490 | Zot:1    | Identified the cursed +1 trident "Eviscerator" {venom,
                  | Int+5}
 81277 | Zot:1    | Learned a level 8 spell: Infestation
 81609 | Zot:2    | Reached skill level 10 in Translocations
 81873 | Zot:2    | Reached skill level 10 in Transmutations
 84021 | Zot:4    | Found a transporter.
 84172 | Zot:4    | Found a transporter.
 84216 | Zot:4    | Gained mutation: Your magical capacity is low. (-10% MP)
                  | [mutagenic glow]
 84271 | Zot:4    | Gained mutation: You are dopey. (Int -2) [mutagenic glow]
 84331 | Zot:4    | Got a smoking golden ring
 84332 | Zot:4    | Identified the ring of Riptoledd {*Slow rN+ Str+5} (You
                  | found it on level 4 of the Realm of Zot)
 84347 | Zot:4    | Got a scintillating golden ring
 84348 | Zot:4    | Identified the ring of the Locust {rF+ MR+ Int+3 Dex+2}
                  | (You found it on level 4 of the Realm of Zot)
 84353 | Zot:4    | Got a jewelled tower shield
 84354 | Zot:4    | Identified the cursed -1 tower shield of Cowardice {*Contam
                  | rElec rF+++ Dex-2} (You found it on level 4 of the Realm of
                  | Zot)
 84358 | Zot:4    | Lost mutation: You are dopey. (Int -2) [potion of mutation]
 84358 | Zot:4    | Lost mutation: Your magical capacity is low. (-10% MP)
                  | [potion of mutation]
 84358 | Zot:4    | Gained mutation: You evolve. [potion of mutation]
 84358 | Zot:4    | Gained mutation: You have a pair of small antennae on your
                  | head. [potion of mutation]
 84358 | Zot:4    | Gained mutation: You rapidly evolve. [potion of mutation]
 84358 | Zot:4    | Gained mutation: Your flesh is heat resistant. (rF+)
                  | [potion of mutation]
 84359 | Zot:4    | Lost mutation: Your flesh is heat resistant. (rF+) [potion
                  | of mutation]
 84359 | Zot:4    | Lost mutation: You have a pair of small antennae on your
                  | head. [potion of mutation]
 84359 | Zot:4    | Lost mutation: You rapidly evolve. [potion of mutation]
 84359 | Zot:4    | Lost mutation: You evolve. [potion of mutation]
 84359 | Zot:4    | Gained mutation: You are agile. (Dex +2) [potion of
                  | mutation]
 84359 | Zot:4    | Gained mutation: You are partially covered in icy blue
                  | scales. (AC +2) [potion of mutation]
 84359 | Zot:4    | Gained mutation: You have a pair of small horns on your
                  | head. [potion of mutation]
 84473 | Zot:5    | Entered Level 5 of the Realm of Zot
 84696 | Zot:5    | Noticed an orb of fire
 84697 | Zot:5    | Killed an orb of fire
 84697 | Zot:5    | Noticed an orb of fire
 84711 | Zot:5    | Killed an orb of fire
 85017 | Zot:5    | Identified the amulet "Elucaxi Hergh" {*Slow +Blink +Rage
                  | Int+3} (You acquired it on level 5 of the Realm of Zot)
 85017 | Zot:5    | Identified the -1 pair of boots "Kypsass" {MP+9} (You
                  | acquired it on level 5 of the Realm of Zot)
 85175 | Zot:5    | Noticed an orb of fire
 85176 | Zot:5    | Killed an orb of fire
 85286 | Zot:5    | Noticed an orb of fire
 85291 | Zot:5    | Gained mutation: You are dopey. (Int -2) [an orb of fire]
 85300 | Zot:5    | Noticed an orb of fire
 85301 | Zot:5    | Killed an orb of fire
 85329 | Zot:4    | Lost mutation: You are dopey. (Int -2) [potion of mutation]
 85329 | Zot:4    | Lost mutation: You are agile. (Dex +2) [potion of mutation]
 85329 | Zot:4    | Lost mutation: You have a pair of small horns on your head.
                  | [potion of mutation]
 85329 | Zot:4    | Gained mutation: You are surrounded by a mild repulsion
                  | field. (EV +2) [potion of mutation]
 85329 | Zot:4    | Gained mutation: You possess an exceptional clarity of
                  | mind. [potion of mutation]
 85329 | Zot:4    | Gained mutation: Your mind is acute. (Int +2) [potion of
                  | mutation]
 85739 | D:15     | Killed Xizathroimu's ghost
 86239 | Vaults:5 | Noticed an ancient lich
 86242 | Vaults:5 | Killed an ancient lich
 86771 | Vaults:5 | Identified the +5 scimitar "Hoagyumpeq" {holy, Dex+7}
 86782 | Vaults:5 | Identified the +1 scale mail "Aseacuif" {rF- Int+3} (You
                  | found it on level 5 of the Vaults)
 87006 | Vaults:5 | Identified the cursed +3 falchion "Ubojopp" {drain, MR+
                  | Int+5} (You found it on level 5 of the Vaults)
 87352 | Vaults:5 | Identified the cursed +0 shortbow of Udweir {speed, *Contam
                  | rPois rF+ rC+}
 87386 | Vaults:5 | Identified Tidain's Catalogue of Darkness and Conjuration
 87389 | Vaults:5 | Identified the ring of Nien {rPois Str+2} (You acquired it
                  | on level 5 of the Vaults)
 87389 | Vaults:5 | Identified the +2 tower shield of Thoughtfulness {Dex+7}
                  | (You acquired it on level 5 of the Vaults)
 87390 | Vaults:5 | Identified the +8 spear "Tyta" {freeze, +Blink +Rage Dex+3}
                  | (You found it on level 5 of the Vaults)
 87417 | Vaults:5 | Got a silver rune of Zot
 87545 | Vaults:5 | Found the +5 scythe "Finisher" {speed, eviscerate}
 87546 | Vaults:5 | Identified the cursed +1 leather armour of Death Resistance
                  | {+Inv rC+ rCorr Slay-2} (You found it on level 5 of the
                  | Vaults)
 87604 | Vaults:5 | Reached skill level 27 in Spellcasting
 87840 | Vaults:5 | Identified Afureuxt's Compendium of Beguiling and Earth
 88161 | Zig:1    | Entered Level 1 of a ziggurat
 88178 | Zig:2    | Entered Level 2 of a ziggurat
 88193 | Zig:3    | Entered Level 3 of a ziggurat
 88314 | Zig:4    | Entered Level 4 of a ziggurat
 88420 | Zig:5    | Entered Level 5 of a ziggurat
 88524 | Zig:6    | Entered Level 6 of a ziggurat
 88529 | Zig:6    | Found the cursed +13 scythe of Curses {drain, *Curse}
 88551 | Zig:6    | Identified the Disquisition on the Dislocated Snowflakes
 88558 | Zig:7    | Entered Level 7 of a ziggurat
 88686 | Zig:7    | Got a scorched golden amulet
 88687 | Zig:7    | Identified the amulet of the Albatross {Gourm MR++ Slay-2}
                  | (You found it on level 7 of a ziggurat)
 88699 | Zig:8    | Entered Level 8 of a ziggurat
 88765 | Zig:8    | Identified the Incunabulum of Darkness and the Escort
 88776 | Zig:9    | Entered Level 9 of a ziggurat
 88821 | Zig:9    | Got a glittering wooden ring
 88824 | Zig:9    | Identified the ring of Vanity {*Corrode rN+ Str+3 Int+4}
                  | (You found it on level 9 of a ziggurat)
 88829 | Zig:10   | Entered Level 10 of a ziggurat
 88837 | Zig:10   | Reached skill level 15 in Necromancy
 88854 | Zig:10   | Reached skill level 5 in Armour
 88858 | Zig:10   | Identified a +1 pair of boots of running (You found it on
                  | level 10 of a ziggurat)
 88911 | Zig:11   | Entered Level 11 of a ziggurat
 88922 | Zig:11   | Noticed Zorot's ghost (legendary DrVM)
 88927 | Zig:11   | Killed Zorot's ghost
 88991 | Zig:11   | Identified the cursed +0 ring mail of the Vaults {MR+ Str-2
                  | Int+6 Stlth+} (You found it on level 11 of a ziggurat)
 89005 | Zig:12   | Entered Level 12 of a ziggurat
 89036 | Zig:12   | Identified the cursed +1 hand axe "Xaufiotu" {flame, rElec}
                  | (You found it on level 12 of a ziggurat)
 89047 | Zig:12   | Identified the cursed +2 spear of Eternal Harmony {pain,
                  | *Noise rPois Int+3} (You found it on level 12 of a
                  | ziggurat)
 89065 | Zig:13   | Entered Level 13 of a ziggurat
 89101 | Zig:13   | Identified the cursed +1 war axe of Contradiction {flame,
                  | rF++} (You found it on level 13 of a ziggurat)
 89116 | Zig:14   | Entered Level 14 of a ziggurat
 89142 | Zig:14   | Noticed a greater mummy
 89150 | Zig:14   | Killed a greater mummy
 89151 | Zig:14   | Noticed a greater mummy
 89153 | Zig:14   | Killed a greater mummy
 89157 | Zig:14   | Noticed a greater mummy
 89161 | Zig:14   | Killed a greater mummy
 89436 | Zig:14   | Identified the +1 scale mail of Prudence {MR+} (You found
                  | it on level 14 of a ziggurat)
 89449 | Zig:15   | Entered Level 15 of a ziggurat
 89468 | Zig:15   | Noticed an ancient lich
 89470 | Zig:15   | Killed an ancient lich
 89492 | Zig:15   | Identified the +10 dagger of Zin's Hatred {freeze, *Drain
                  | Dex+6} (You found it on level 15 of a ziggurat)
 89499 | Zig:15   | Got a brightly glowing zirconium amulet
 89501 | Zig:15   | Identified the amulet of Greed {Faith *Corrode rElec rN+}
                  | (You found it on level 15 of a ziggurat)
 89503 | Zig:15   | Identified the cursed +1 demon trident of Zigheuts {pain,
                  | +Fly rN+++ Dex-4 Stlth+} (You found it on level 15 of a
                  | ziggurat)
 89515 | Zig:15   | Identified the +1 buckler of Lies {rF+ MP+9 SInv} (You
                  | acquired it on level 15 of a ziggurat)
 89573 | Zig:16   | Entered Level 16 of a ziggurat
 89588 | Zig:16   | Noticed Opekhuts the pandemonium lord
 89588 | Zig:16   | Noticed Leym the pandemonium lord
 89588 | Zig:16   | Noticed Cutzamis the pandemonium lord
 89589 | Zig:16   | Noticed Ytwet the pandemonium lord
 89591 | Zig:16   | Killed Opekhuts the pandemonium lord
 89591 | Zig:16   | Noticed Zialoi the pandemonium lord
 89592 | Zig:16   | Noticed Qokur the pandemonium lord
 89593 | Zig:16   | Killed Ytwet the pandemonium lord
 89595 | Zig:16   | Killed Cutzamis the pandemonium lord
 89596 | Zig:16   | Killed Leym the pandemonium lord
 89597 | Zig:16   | Killed Zialoi the pandemonium lord
 89598 | Zig:16   | Killed Qokur the pandemonium lord
 89785 | Zig:16   | Identified the +8 pearl dragon scales "Husyt" {rElec rN+}
                  | (You found it on level 16 of a ziggurat)
 89814 | Zig:16   | Identified the +0 war axe "Ferom" {holy, *Corrode +Rage
                  | rElec rC++} (You found it on level 16 of a ziggurat)
 89847 | Depths:3 | Voluntarily entered the Abyss.
 89880 | Abyss:1  | Identified the +2 war axe "Mutwiaq" {freeze, Str+4} (You
                  | found it on level 1 of the Abyss)
 90377 | Abyss:3  | Reached skill level 15 in Translocations
 90403 | Abyss:3  | Reached skill level 15 in Transmutations
 91331 | Depths:3 | Escaped the Abyss
 91504 | Depths:3 | Voluntarily entered the Abyss.
 92287 | Abyss:3  | Found a sparkling altar of Nemelex Xobeh.
 92956 | Depths:3 | Escaped the Abyss
 92958 | Depths:3 | Voluntarily entered the Abyss.
 92958 | Abyss:1  | Found a corrupted altar of Lugonu.
 92958 | Abyss:1  | Noticed a juggernaut
 92959 | Abyss:1  | Killed a juggernaut
 93059 | Abyss:1  | Identified the +6 double sword of the Beginning {speed,
                  | rElec MR+ Str+3 Int+2} (You acquired it on level 1 of the
                  | Abyss)
 93329 | Abyss:3  | Found a transporter.
 93412 | Abyss:3  | Found a transporter.
 93417 | Abyss:3  | Got an abyssal rune of Zot
 93433 | Depths:3 | Escaped the Abyss
 93457 | Pan      | Entered Pandemonium
 93534 | Pan      | Found an exit through the horrors of the Abyss.
 93543 | Pan      | Identified the Grimoire of Twisted Moulding
 93631 | Pan      | Found a transporter.
 93631 | Pan      | Found a transporter.
 93662 | Pan      | Upgraded the game from 0.25-a0-1007-g10a8c3caa8 to
                  | 0.25-a0-1024-gbfbf38f2cb
 93927 | Pan      | Reached skill level 27 in Ice Magic
 94939 | Pan      | Reached skill level 15 in Fighting
 95036 | Pan      | Identified the ring of Ycsit {+Blink MR+ MP+9 Int+3 Slay+4
                  | Stlth+} (You acquired it in Pandemonium)
 95052 | Pan      | Got a slimy tin ring
 95053 | Pan      | Identified the ring "Kouwox" {Str+4 Stlth-} (You found it
                  | in Pandemonium)
 95063 | Pan      | Identified the cursed +0 cloak "Ettadim" {MR+} (You found
                  | it in Pandemonium)
 95353 | Pan      | Noticed Ziptoytz the pandemonium lord
 95355 | Pan      | Killed Ziptoytz the pandemonium lord
 95503 | Pan      | Found a transporter.
 96101 | Pan      | Found a transporter.
 96674 | Pan      | Got a warped bronze amulet
 96675 | Pan      | Identified the amulet "Coelot" {Faith +Fly rF- Str+3} (You
                  | found it in Pandemonium)
 96713 | Pan      | Got a glittering amber ring
 96714 | Pan      | Identified the ring "Ohacetymp" {Fire Str+6 Dex-4 Slay+3}
                  | (You found it in Pandemonium)
 97302 | Pan      | Noticed Edehiotz the pandemonium lord
 97304 | Pan      | Killed Edehiotz the pandemonium lord
 97435 | Pan      | Noticed Ruvvip the pandemonium lord
 97436 | Pan      | Killed Ruvvip the pandemonium lord
 97817 | Pan      | Identified the cursed +0 kite shield of Summertime {rPois}
                  | (You found it in Pandemonium)
 97894 | Pan      | Entered the realm of Cerebov.
 98666 | Pan      | Identified the +4 rapier "Qolait" {elec, *Slow MP+9 Str+3
                  | Int+6}
 98666 | Pan      | Identified the amulet of Vaxtof {Faith rPois Str+3 Dex+3}
 98688 | Pan      | Got a fine glass ring
 98689 | Pan      | Identified the ring "Macs" {*Tele rN+} (You found it in
                  | Pandemonium)
 98717 | Pan      | Identified the +5 bardiche of False Hope {antimagic, MR+
                  | Dex+7}
 98717 | Pan      | Identified the ring "Qunlics" {rElec rPois MP+9 Int-3}
 98721 | Pan      | Identified Piclel's Papyrus of Boosting Evil Secrets
 98867 | Pan      | Identified the +6 sword of Cerebov {flame}
 98867 | Pan      | Noticed Cerebov
 98870 | Pan      | Killed Cerebov
 99002 | Pan      | Got a fiery rune of Zot
 99005 | Pan      | Identified the ring "Beewuiti" {+Fly MP+9 Str-3 Int+3} (You
                  | found it in Pandemonium)
 99229 | Pan      | Noticed Pyshosual the pandemonium lord
 99232 | Pan      | Killed Pyshosual the pandemonium lord
 99341 | Pan      | Entered the realm of Lom Lobon.
 99435 | Pan      | Reached skill level 10 in Shields
100381 | Pan      | Identified the amulet of Zaneodd {Harm *Drain rN+} (You
                  | acquired it in Pandemonium)
101125 | Pan      | Noticed Lom Lobon
101126 | Pan      | Killed Lom Lobon
101245 | Pan      | Got a magical rune of Zot
101458 | Pan      | Noticed Jopsyitu the pandemonium lord
101459 | Pan      | Killed Jopsyitu the pandemonium lord
101580 | Pan      | Entered the realm of Gloorx Vloq.
101687 | Pan      | Noticed Gloorx Vloq
101691 | Pan      | Killed Gloorx Vloq
101846 | Pan      | Got a dark rune of Zot
102009 | Pan      | Found an exit through the horrors of the Abyss.
103203 | Pan      | Reached skill level 10 in Armour
103324 | Pan      | Noticed Seboowk the pandemonium lord
103326 | Pan      | Killed Seboowk the pandemonium lord
103588 | Pan      | Entered the realm of Mnoleg.
103863 | Pan      | Reached skill level 5 in Long Blades
104016 | Pan      | Noticed Mnoleg
104019 | Pan      | Killed Mnoleg
104318 | Pan      | Found an exit through the horrors of the Abyss.
104762 | Pan      | Got a glowing rune of Zot
105168 | Pan      | Noticed Tuneyl the pandemonium lord
105169 | Pan      | Killed Tuneyl the pandemonium lord
105586 | Pan      | Found an exit through the horrors of the Abyss.
106061 | Pan      | Noticed Netzul the pandemonium lord
106062 | Pan      | Killed Netzul the pandemonium lord
106628 | Pan      | Identified the +0 buckler of the Earth {MR+ Int+2}
106667 | Pan      | Noticed a seraph
106717 | Pan      | Found a glowing golden altar of the Shining One.
106718 | Pan      | Killed a seraph
106775 | Pan      | Got a demonic rune of Zot
106777 | Pan      | Identified the +10 dagger "Uthren" {protect, +Blink Str+7}
                  | (You found it in Pandemonium)
106780 | Pan      | Identified the cursed +1 whip of the Pure Princes {elec,
                  | Str+4 Dex+2} (You found it in Pandemonium)
106788 | Pan      | Identified the +5 hunting sling of Zoczu {venom, +Inv rC+
                  | MR+} (You found it in Pandemonium)
106981 | Pan      | Identified the +9 long sword of Gumn {flame, Dex+4} (You
                  | found it in Pandemonium)
107086 | Pan      | Found a glowing silver altar of Zin.
108131 | Pan      | Identified the +2 buckler of the Assorted Wonders {*Slow
                  | rC+ Slay+6}
108319 | Pan      | Found a white marble altar of Elyvilon.
108592 | Depths:3 | Escaped Pandemonium
108634 | Geh:1    | Entered Level 1 of Gehenna
109524 | Geh:4    | You fall into a shaft and drop 2 floors!
109542 | Geh:7    | Entered Level 7 of Gehenna
110495 | Geh:7    | Identified the +7 sceptre of Asmodeus
110495 | Geh:7    | Noticed Asmodeus
110496 | Geh:7    | Killed Asmodeus
110504 | Geh:7    | Got an obsidian rune of Zot
111058 | Dis:1    | Entered Level 1 of the Iron City of Dis
111452 | Dis:1    | Reached skill level 27 in Conjurations
112982 | Dis:7    | Entered Level 7 of the Iron City of Dis
113526 | Dis:6    | Found a huge runed gate.
113526 | Dis:6    | Found a huge runed gate.
113527 | Dis:6    | Found a huge runed gate.
113528 | Dis:6    | Found a huge runed gate.
113909 | Dis:7    | Got a glittering pewter amulet
113910 | Dis:7    | Identified the amulet of Boalir {Acrobat rN++} (You found
                  | it on level 7 of the Iron City of Dis)
113924 | Dis:7    | Got a scintillating bronze ring
113925 | Dis:7    | Identified the ring of Tuseem {rC+ MR+ Slay+3} (You found
                  | it on level 7 of the Iron City of Dis)
114045 | Dis:7    | Identified the Guide on Aid and Flames
114257 | Dis:7    | Identified the +1 scale mail "Maesuakh" {*Corrode rN++
                  | Str+9 Dex-4} (You found it on level 7 of the Iron City of
                  | Dis)
114260 | Dis:7    | Identified the +6 lajatang of Patterns {venom, Int+4} (You
                  | found it on level 7 of the Iron City of Dis)
114431 | Dis:7    | Reached skill level 15 in Shields
114432 | Dis:7    | Identified the +4 staff of Dispater
114432 | Dis:7    | Noticed Dispater
114434 | Dis:7    | Killed Dispater
114434 | Dis:7    | Reached skill level 10 in Earth Magic
114472 | Dis:7    | Identified the Catalogue of the Snowflakes and Heat
114510 | Dis:7    | Got an iron rune of Zot
114561 | Dis:7    | Identified the +1 cloak of the Swan {rCorr Stlth+} (You
                  | found it on level 7 of the Iron City of Dis)
114633 | Hell     | Learned a level 9 spell: Shatter
114668 | Coc:1    | Entered Level 1 of Cocytus
115272 | Coc:6    | Reached skill level 15 in Earth Magic
115417 | Coc:7    | Entered Level 7 of Cocytus
116091 | Coc:7    | Identified the +7 spear of the Extremes {freeze, rC+++
                  | Str-2} (You found it on level 7 of Cocytus)
116205 | Coc:7    | Noticed Antaeus
116231 | Coc:7    | Killed Antaeus
116321 | Coc:7    | Got an icy rune of Zot
116472 | Tar:1    | Entered Level 1 of Tartarus
117045 | Tar:6    | Reached skill level 27 in Fire Magic
118020 | Tar:7    | Entered Level 7 of Tartarus
118164 | Tar:7    | Noticed the Serpent of Hell
118169 | Tar:7    | Killed the Serpent of Hell
118251 | Tar:7    | Identified the amulet "Exiec" {Gourm *Corrode rF+ rN+
                  | Int+2}
118306 | Tar:7    | Noticed Ereshkigal
118309 | Tar:7    | Killed Ereshkigal
118512 | Tar:7    | Noticed an ancient lich
118514 | Tar:7    | Killed an ancient lich
118540 | Tar:7    | Got a bone rune of Zot
119170 | Tomb:1   | Noticed a greater mummy
119170 | Tomb:1   | Noticed a greater mummy
119173 | Tomb:1   | Killed a greater mummy
119175 | Tomb:1   | Noticed a greater mummy
119175 | Tomb:1   | Noticed a greater mummy
119176 | Tomb:1   | Killed a greater mummy
119176 | Tomb:1   | Reached skill level 10 in Long Blades
119179 | Tomb:1   | Killed a greater mummy
119179 | Tomb:1   | Killed a greater mummy
119184 | Tomb:1   | Noticed a greater mummy
119186 | Tomb:1   | Killed a greater mummy
119189 | Tomb:1   | Noticed a greater mummy
119197 | Tomb:1   | Killed a greater mummy
119208 | Tomb:1   | Noticed a greater mummy
119214 | Tomb:1   | Killed a greater mummy
119215 | Tomb:1   | Noticed a greater mummy
119217 | Tomb:1   | Noticed a greater mummy
119220 | Tomb:1   | Noticed a greater mummy
119220 | Tomb:1   | Noticed a greater mummy
119221 | Tomb:1   | Killed a greater mummy
119224 | Tomb:1   | Killed a greater mummy
119307 | Tomb:1   | Killed a greater mummy
119308 | Tomb:1   | Killed a greater mummy
119308 | Tomb:1   | Reached skill level 10 in Evocations
119310 | Tomb:1   | Noticed a greater mummy
119312 | Tomb:1   | Killed a greater mummy
119325 | Tomb:1   | Noticed a greater mummy
119327 | Tomb:1   | Killed a greater mummy
119329 | Tomb:1   | Noticed a greater mummy
119329 | Tomb:1   | Noticed a greater mummy
119332 | Tomb:1   | Killed a greater mummy
119332 | Tomb:1   | Killed a greater mummy
119343 | Tomb:1   | Noticed a greater mummy
119359 | Tomb:1   | Noticed a greater mummy
119361 | Tomb:1   | Killed a greater mummy
119369 | Tomb:1   | Killed a greater mummy
119454 | Tomb:1   | Noticed a greater mummy
119457 | Tomb:1   | Killed a greater mummy
119549 | Tomb:1   | Noticed a greater mummy
119552 | Tomb:1   | Killed a greater mummy
119763 | Tomb:2   | Identified the +7 double sword of Zoeddegi {pain, rN+
                  | Stlth+} (You acquired it on level 2 of the Tomb of the
                  | Ancients)
119772 | Tomb:2   | Noticed a greater mummy
119776 | Tomb:2   | Killed a greater mummy
119787 | Tomb:2   | Noticed a greater mummy
119794 | Tomb:2   | Killed a greater mummy
119797 | Tomb:2   | Noticed a greater mummy
119798 | Tomb:2   | Noticed an ancient lich
119807 | Tomb:2   | Killed an ancient lich
119807 | Tomb:2   | Killed a greater mummy
120159 | Tomb:3   | Entered Level 3 of the Tomb of the Ancients
120169 | Tomb:3   | Noticed a greater mummy
120174 | Tomb:3   | Noticed a greater mummy
120175 | Tomb:3   | Killed a greater mummy
120178 | Tomb:3   | Noticed a greater mummy
120179 | Tomb:3   | Noticed a greater mummy
120183 | Tomb:3   | Killed a greater mummy
120183 | Tomb:3   | Killed a greater mummy
120185 | Tomb:3   | Killed a greater mummy
120428 | Tomb:3   | Identified the +0 pair of boots "Jaiti" {MR- rCorr Str+4}
                  | (You found it on level 3 of the Tomb of the Ancients)
120470 | Tomb:3   | Identified the cursed +1 ring mail of Soppaen {rC+ Int+6}
                  | (You found it on level 3 of the Tomb of the Ancients)
120507 | Tomb:3   | Identified the +5 rapier of Zamanoh {holy, Str+10 Int+4}
                  | (You found it on level 3 of the Tomb of the Ancients)
120509 | Tomb:3   | Identified the cursed +0 helmet of Going Fast {rC+ MR-
                  | Slay+2} (You found it on level 3 of the Tomb of the
                  | Ancients)
120512 | Tomb:3   | Identified the ring of Wulaagan {rC+ rN+ Dex+3} (You found
                  | it on level 3 of the Tomb of the Ancients)
120556 | Tomb:3   | Noticed a greater mummy
120558 | Tomb:3   | Killed a greater mummy
120580 | Tomb:3   | Noticed a greater mummy
120583 | Tomb:3   | Killed a greater mummy
120676 | Tomb:3   | Noticed a greater mummy
120679 | Tomb:3   | Killed a greater mummy
120692 | Tomb:3   | Noticed a greater mummy
120696 | Tomb:3   | Killed a greater mummy
120699 | Tomb:3   | Noticed a greater mummy
120701 | Tomb:3   | Killed a greater mummy
120723 | Tomb:3   | Got a golden rune of Zot
121337 | Zot:5    | Noticed an orb of fire
121341 | Zot:5    | Killed an orb of fire
121523 | Zot:5    | Noticed an orb of fire
121526 | Zot:5    | Killed an orb of fire
121549 | Zot:5    | Noticed an ancient lich
121551 | Zot:5    | Killed an ancient lich
121600 | Zot:5    | Noticed an orb of fire
121601 | Zot:5    | Killed an orb of fire
121902 | Zot:5    | Killed an orb of fire
121964 | Zot:5    | Got the Orb of Zot
122387 | D:13     | Noticed a seraph
122388 | D:13     | Killed a seraph
122664 | D:$      | Escaped with the Orb!

Illustrated notes

Levels and vault maps discovered:
D:1:      mushboom_english_gardens, layout_loops_ring, hex_medium
D:2:      layout_rooms, uniq_sigmund
D:3:      layout_basic, gammafunk_ghost_stat_death
D:4:      layout_loops_ring, kennysheep_minor_cross, minmay_misc_feat_columns,
          lemuel_flame_loot_1
D:5:      layout_basic, first_ration, cheibriados_altar_1
D:6:      layout_loops_ring, xom_confusion_cloud, serial_shops,
          nicolae_shop_temple_entry_statues_fountains, kennysheep_cross_room,
          uniq_eustachio
D:7:      layout_rooms, minmay_temple_entry_statues_pillars, the_bakery,
          uniq_harold, uniq_prince_ribbit1
D:8:      wander_river, layout_rooms, uniq_psyche
D:9:      layout_rooms, erik_lair_island, orc_0_dummy
D:10:     wander_kiku_kobolds, layout_gridville, serial_shops, shop,
          nicolae_qazlal_general_emergency
D:11:     layout_gridville
D:12:     layout_loops_ring, minmay_rotating_lava, uniq_nergalle
D:13:     kennysheep_six_static_rooms, layout_basic, hangedman_decor_growths
D:14:     cheibrodos_ideogram_h, layout_long_grid, david_vaults_1, serial_shops,
          shop, uniq_jorgrun, uniq_roxanne, uniq_kirke, uniq_louise
D:15:     grunt_enter_depths_hoard, layout_cave_pools, minmay_crystal_water,
          gammafunk_ghost_split, serial_shops, shop, st_stairs_1, minivault_20,
          serial_bayou_pond_e
Temple:   regret_index_temple_sigil_plot
Lair:1:   layout_small_grid, grunt_megastairs_1, minmay_lair_oklob_chamber
Lair:2:   layout_chaotic_city, elwin_shoals_entry_rocks, wad_woods_antlair,
          serial_bayou_shore_b, grunt_megastairs_4, infiniplex_staircase_pool_2
Lair:3:   layout_roguey, spider_nest_entry_a, beast_lair_carwin_5,
          serial_bayou_shore_a
Lair:4:   cheibrodos_magma_flow, layout_cave_pods, grunt_megastairs_2
Lair:5:   layout_concentric_octagons, slime_altar_1, beast_lair_carwin_10,
          uniq_sonja, uniq_urug
Lair:6:   hangedman_lair_tendril_chambers, layout_loops_ring,
          guppyfry_lair_end_dragon, basic_altar
Shoals:1: layout_shoals, nicolae_shoals_dead_sea_scrolls
Shoals:2: cheibrodos_shoals_oceanic_diplomacy, layout_shoals,
          hangedman_shoal_volcano, uniq_ilsuiw
Shoals:3: layout_shoals, gammafunk_ghost_necromancy
Shoals:4: shoals_end_grunt_garden, layout_shoals, lemuel_centaur_altar
Spider:1: layout_spider_delve, uniq_azrael, uniq_asterion
Spider:2: layout_spider_delve, nicolae_looking_at_the_future
Spider:3: layout_chambers, drop_trap
Spider:4: floodkiller_spider_rune_tomb, drop_trap, uniq_arachne
Slime:1:  layout_caves, nicolae_slime_phagocytosis
Slime:2:  layout_caves
Slime:3:  layout_caves
Slime:4:  layout_caves, cheibrodos_slime_lost_civilization_6
Slime:5
Orc:1:    layout_caves
Orc:2:    grunt_orc_tribal_feast, layout_caves, serial_shops,
          nicolae_shop_stone, nicolae_orc_crystal_geode
Elf:1:    eino_elf_arrival_customs, layout_onion_city, serial_shops, shop, shop,
          shop, shop, shop_coins, lemuel_flamethrower_2
Elf:2:    layout_loops_corners, moated_statue, feat_on_display
Elf:3:    minmay_elf_hall_curves, layout_onion_city, nrook_mini_backslash,
          minmay_shoptagon
Vaults:1: vaults_room_grunt_arrival_ludios, v_alt_pattern_4,
          ontoclasm_vaults_claustrophobia, v_misc_32,
          nicolae_vaults_an_arrangement, v_rooms_3,
          nicolae_vaults_border_crossing, hangedman_vaults_cutoff,
          vaults_mumra_minichess, v_misc_23, layout_vaults_omnicross,
          uniq_saint_roka
Vaults:2: hangedman_vaults_stitches, minmay_crypt_entry_simple_box,
          nicolae_vaults_network_periphery, nicolae_vaults_triangles,
          vaults_room_boxed, v_misc_25, v_alt_pattern_1, hangedman_vaults_locks,
          nicolae_vaults_ring_of_whatevers, ontoclasm_vaults_gateway,
          nicolae_vaults_arrows, vaults_room_semicircle, layout_vaults_omnibox
Vaults:3: nicolae_vaults_mini_display_case, nicolae_vaults_sealed_display,
          v_misc_14, nicolae_vaults_yaktaur_gun_rack,
          nicolae_vaults_specimen_jars, ontoclasm_vaults_loading_screen,
          layout_vaults_quadrants
Vaults:4: v_misc_22, grunt_vaults_trifunnel, v_rooms_4, vaults_dpeg_spiral,
          ontoclasm_vaults_shuriken, nicolae_vaults_stairing_the_circle,
          hangedman_vaults_stretched_pinwheel, v_alt_pattern_1,
          vaults_room_stairs_pillars, ontoclasm_vaults_pinch, st_lattice,
          layout_vaults_chaotic_city, serial_shops, nicolae_shop_waterfront
Vaults:5: serial_shops
Crypt:1:  layout_misc_corridors
Crypt:2:  layout_catacombs, minivault_23, uniq_mennas
Crypt:3:  david_glass_crypt, layout_rooms,
          nicolae_tomb_entry_unfolded_pyramid_orthogonal
Tomb:1
Tomb:2
Tomb:3
Depths:1: layout_roguey, grunt_hell_entry_dis_mu,
          hangedman_abyss_or_decor_lesser_grid, guppyfry_shop_earth,
          serial_bayou_shore_b, roderic_lattice_octagonal_star
Depths:2: grated_community_mu [grated_community_mu_vampire_home,
          grated_community_mu_giant_home, grated_community_mu_spellcaster_home,
          grated_community_mu_orcish_home, grated_community_mu_troll_home,
          grated_community_mu_taur_home, grated_community_mu_unbuilt_plot],
          layout_cave_shapes, hangedman_coc_ice_floe, pan_entry,
          hangedman_decor_peaks_small, feat_on_display
Depths:3: hangedman_slaughterboxes, hell_entry, pan_entry, abyss_entry,
          uniq_jory
Depths:4: minmay_the_grid_octo_tiled_octocenter [minmay_the_grid_octo_empty,
          minmay_the_grid_octo_checkered, minmay_the_grid_octo_checkerflower,
          minmay_the_grid_octo_focus, minmay_the_grid_octo_prize_big_c,
          minmay_the_grid_square_5x5_two, minmay_the_grid_square_5x5_moneybag,
          minmay_the_grid_square_5x5_comb,
          minmay_the_grid_square_5x5_six_small], layout_gridlike,
          nrook_mini_vaults, abyss_entry, hell_entry, corexii_hall_statues_l,
          drop_trap, grunt_ministairs_5, dispersion_dpeg
Depths:5: grunt_twist_and_shout, layout_cave_pools, hell_entry, chequers_jeans,
          uniq_boris
Hell
Dis:1:    layout_regular_city
Dis:2:    layout_gridville
Dis:3:    layout_jigsaw
Dis:4:    layout_gridville
Dis:5:    layout_chaotic_city
Dis:6:    layout_jigsaw, not_door_vault_due
Dis:7:    iron_city_of_dis [dis_old, dis_wall_7], layout_chaotic_city
Geh:1:    layout_gehenna_lava_caves
Geh:2:    layout_gehenna_lava_caves, nicolae_geh_lava_in_the_way,
          lemuel_elevator
Geh:3:    layout_gehenna_lava_caves, lemuel_flamethrower_3
Geh:4:    layout_gehenna_pools_box
Geh:6:    layout_gehenna_pools_triple
Geh:7:    geh_hangedman
Coc:1:    layout_cocytus_water_paths
Coc:2:    layout_cocytus_water_paths
Coc:3:    layout_cocytus_water_paths
Coc:4:    layout_cocytus_water_paths
Coc:5:    layout_ice_bergs
Coc:6:    layout_ice_bergs
Coc:7:    coc_hangedman
Tar:1:    layout_grid_maze
Tar:2:    layout_cathedral_of_symmetry, nicolae_tar_cuneiform_city,
          lemuel_nasty_fountain
Tar:3:    layout_honeycomb
Tar:4:    layout_cathedral_of_symmetry
Tar:5:    layout_grid_maze
Tar:6:    grunt_deathspiral_small, layout_cathedral_of_symmetry
Tar:7:    tar_grunt_cathedral
Zot:1:    layout_concentric_octagons, grunt_ministairs_8
Zot:2:    layout_concentric_octagons, st_small_dragon_hoard_3
Zot:3:    layout_cathedral_of_symmetry
Zot:4:    gammafunk_its_a_trap, layout_gridlike
Zot:5:    layout_basic

Skill      XL: |  1  2  3  4  5  6  7  8  9 10 11 12 13 14 15 16 17 18 19 20 21 22 23 24 25 26 27 |
---------------+----------------------------------------------------------------------------------+-----
Conjurations   | 2 3 4 6 7 9 11 13 14 15 16 17 18 19 20 21 27 | 27.0
Dodging        | 3 4 5 6 7 9 10 11 13 15 20 | 20.4
Spellcasting   | 5 6 7 9 10 12 13 14 15 16 17 18 20 21 22 23 24 25 27 | 27.0
Poison Magic   | 1 2 3 4 5 7 8 |  8.0
Short Blades   | 1 2 3 4 |  4.0
Stealth        | 3 4 |  4.0
Summonings     | 2 3 4 5 6 |  6.0
Air Magic      | 1 2 3 4 |  4.0
Translocations | 2 3 4 6 17 | 17.0
Evocations     | 1 3 4 5 13 | 13.9
Necromancy     | 3 5 7 10 26 | 26.7
Long Blades    | 1 13 | 13.3
Fire Magic     | 3 4 9 11 13 15 16 17 18 19 27 | 27.0
Fighting       | 3 5 6 7 9 10 19 | 19.0
Armour         | 3 4 12 | 12.0
Shields        | 3 4 5 15 | 15.0
Earth Magic    | 3 5 8 9 23 | 23.9
Ice Magic      | 5 9 12 17 20 22 23 24 25 27 | 27.0
Transmutations | 4 8 24 | 24.7

Action                   |  1- 3 |  4- 6 |  7- 9 | 10-12 | 13-15 | 16-18 | 19-21 | 22-24 | 25-27 || total
-------------------------+-------+-------+-------+-------+-------+-------+-------+-------+-------++-------
Melee: Dagger            |    30 |    21 |   121 |    14 |       |       |       |       |       ||   186
       Falchion          |       |       |       |    73 |       |       |       |       |       ||    73
       Rapier            |       |       |       |    99 |       |       |       |       |       ||    99
       Great sword       |       |       |       |    67 |   169 |    47 |    67 |    91 |   165 ||   606
       Double sword      |       |       |       |       |       |       |       |       |  2487 ||  2487
       Whip              |       |       |       |       |       |       |       |       |    82 ||    82
       Unarmed           |       |       |       |       |       |       |       |       |    23 ||    23
 Cast: Magic Dart        |    86 |   115 |   276 |   345 |    12 |       |       |       |       ||   834
       Mephitic Cloud    |     1 |     3 |    25 |    37 |     1 |       |       |       |       ||    67
       Call Imp          |     1 |       |    22 |    21 |       |       |       |       |       ||    44
       Blink             |       |       |     1 |       |       |       |       |       |     2 ||     3
       Pain              |       |       |       |    66 |       |       |       |       |       ||    66
       Searing Ray       |       |       |       |    71 |    61 |       |     1 |       |     1 ||   134
       Sticky Flame      |       |       |       |    33 |   175 |    12 |     7 |     1 |       ||   228
       Olgreb's Toxic Ra |       |       |       |    57 |    67 |     5 |     1 |     4 |       ||   134
       Iron Shot         |       |       |       |       |    74 |   142 |   118 |     7 |    88 ||   429
       Ozocubu's Refrige |       |       |       |       |    71 |   383 |   310 |   166 |    77 ||  1007
       Absolute Zero     |       |       |       |       |       |     2 |   132 |   194 |  1539 ||  1867
       Swiftness         |       |       |       |       |       |       |     1 |       |       ||     1
       Ignition          |       |       |       |       |       |       |     4 |    43 |   280 ||   327
       Fire Storm        |       |       |       |       |       |       |       |       |   408 ||   408
       Necromutation     |       |       |       |       |       |       |       |       |   230 ||   230
       Shatter           |       |       |       |       |       |       |       |       |    20 ||    20
       Controlled Blink  |       |       |       |       |       |       |       |       |    10 ||    10
Evoke: Wand              |       |       |     8 |     8 |    13 |     7 |     6 |     2 |     9 ||    53
  Use: Scroll            |       |       |     1 |     2 |    18 |     9 |     3 |     8 |    72 ||   113
       Potion            |       |       |       |       |     3 |     1 |     1 |       |    23 ||    28
 Stab: Distracted        |     1 |       |       |     2 |       |       |     1 |       |     2 ||     6
       Confused          |       |     4 |     4 |     3 |       |       |       |       |       ||    11
       Sleeping          |       |       |       |       |       |       |       |       |     3 ||     3
  Eat: Chunk             |     3 |     7 |    18 |    33 |    38 |    30 |    59 |    33 |     6 ||   227
       Ration            |       |       |       |     1 |     5 |     5 |    10 |    14 |    35 ||    70
Armor: Robe              |    13 |     4 |     3 |       |       |       |       |       |       ||    20
       Leather armour    |       |       |    43 |    32 |       |       |       |       |       ||    75
       Troll leather arm |       |       |       |    86 |   123 |    41 |    49 |    33 |   689 ||  1021
Dodge: Dodged            |    20 |    21 |   122 |   407 |   473 |   153 |   158 |   145 |  2246 ||  3745
       Repelled          |       |       |       |       |       |    30 |    25 |    33 |    60 ||   148
Block: Buckler           |       |       |       |       |       |       |       |       |   844 ||   844
       Rpst.: Falchion   |       |       |       |    18 |       |       |       |       |       ||    18
       Great sword       |       |       |       |    55 |   119 |    25 |    24 |    23 |    69 ||   315
       Double sword      |       |       |       |       |       |       |       |       |   374 ||   374

Table legend:
 A = Non-vault XP
 B = Vault XP
 C = Vault XP percentage of total XP
 D = Non-vault monster count
 E = Vault monster count
 F = Vault count percentage of total count
                 A         B        C        D         E       F
            +---------+---------+-------+---------+---------+-------
      Total | 2702868 | 2235325 |  45.3 |    4052 |    1920 |  32.2
            +---------+---------+-------+---------+---------+-------
        D:1 |      39 |       0 |   0.0 |      21 |       0 |   0.0
        D:2 |     130 |     238 |  64.7 |      31 |       1 |   3.1
        D:3 |     192 |       0 |   0.0 |      22 |       0 |   0.0
        D:4 |     359 |       0 |   0.0 |      12 |       0 |   0.0
        D:5 |     653 |      37 |   5.4 |      22 |       1 |   4.3
        D:6 |    1079 |     463 |  30.0 |      24 |       5 |  17.2
        D:7 |     937 |    1504 |  61.6 |      19 |       3 |  13.6
        D:8 |    1729 |     569 |  24.8 |      18 |       2 |  10.0
        D:9 |    1682 |     592 |  26.0 |      32 |       4 |  11.1
       D:10 |    2205 |    1357 |  38.1 |      28 |      52 |  65.0
       D:11 |    4287 |       0 |   0.0 |      30 |       0 |   0.0
       D:12 |    6971 |    1249 |  15.2 |      48 |       4 |   7.7
       D:13 |    5746 |    1559 |  21.3 |      45 |       6 |  11.8
       D:14 |   20029 |   16169 |  44.7 |      39 |      30 |  43.5
       D:15 |    8912 |    9276 |  51.0 |      28 |      14 |  33.3
     Lair:1 |    2770 |    1843 |  40.0 |      12 |       5 |  29.4
     Lair:2 |    3030 |    2785 |  47.9 |      13 |      15 |  53.6
     Lair:3 |    1390 |    1834 |  56.9 |       7 |       7 |  50.0
     Lair:4 |    2625 |    2176 |  45.3 |      10 |      12 |  54.5
     Lair:5 |    9845 |    5904 |  37.5 |      34 |      12 |  26.1
     Lair:6 |   18671 |   14367 |  43.5 |      40 |      50 |  55.6
   Shoals:1 |   15170 |       0 |   0.0 |      33 |       0 |   0.0
   Shoals:2 |   19126 |   13200 |  40.8 |      40 |      24 |  37.5
   Shoals:3 |   13265 |       0 |   0.0 |      25 |       0 |   0.0
   Shoals:4 |   11171 |   22690 |  67.0 |      23 |      39 |  62.9
   Spider:1 |    9644 |    5374 |  35.8 |      25 |       9 |  26.5
   Spider:2 |   11091 |    1850 |  14.3 |      32 |      15 |  31.9
   Spider:3 |   23093 |       0 |   0.0 |      55 |       0 |   0.0
   Spider:4 |   11812 |   39326 |  76.9 |      37 |      72 |  66.1
    Slime:1 |    8486 |    1070 |  11.2 |      19 |       4 |  17.4
    Slime:2 |   17062 |       0 |   0.0 |      35 |       0 |   0.0
    Slime:3 |   15368 |       0 |   0.0 |      17 |       0 |   0.0
    Slime:4 |   14341 |       0 |   0.0 |      26 |       0 |   0.0
    Slime:5 |   18607 |   27283 |  59.5 |      36 |      13 |  26.5
      Orc:1 |    1224 |     642 |  34.4 |      20 |       1 |   4.8
      Orc:2 |    1865 |    7073 |  79.1 |      35 |      29 |  45.3
      Elf:1 |    9412 |    2242 |  19.2 |      17 |       4 |  19.0
      Elf:2 |   28176 |   21050 |  42.8 |      41 |      27 |  39.7
      Elf:3 |   16130 |   41923 |  72.2 |      28 |      29 |  50.9
   Vaults:1 |   33011 |   40369 |  55.0 |      61 |      53 |  46.5
   Vaults:2 |   17171 |   37680 |  68.7 |      31 |      58 |  65.2
   Vaults:3 |   49924 |    1631 |   3.2 |      61 |       4 |   6.2
   Vaults:4 |   32302 |   33407 |  50.8 |      57 |      34 |  37.4
   Vaults:5 |   28926 |  121777 |  80.8 |      32 |      89 |  73.6
    Crypt:1 |   49680 |       0 |   0.0 |      64 |       0 |   0.0
    Crypt:2 |   22341 |    7764 |  25.8 |      42 |       2 |   4.5
    Crypt:3 |   26987 |   32798 |  54.9 |      32 |      26 |  44.8
     Tomb:1 |   20503 |  168180 |  89.1 |      41 |      67 |  62.0
     Tomb:2 |    1556 |   93406 |  98.4 |       8 |      95 |  92.2
     Tomb:3 |   10713 |  105367 |  90.8 |      19 |      78 |  80.4
   Depths:1 |   42848 |     949 |   2.2 |      61 |       2 |   3.2
   Depths:2 |   38640 |   43663 |  53.1 |      43 |      69 |  61.6
   Depths:3 |    1571 |  133456 |  98.8 |       2 |      99 |  98.0
   Depths:4 |   50883 |   59913 |  54.1 |      63 |      37 |  37.0
   Depths:5 |   24849 |   28923 |  53.8 |      26 |      16 |  38.1
       Hell |   19071 |   29434 |  60.7 |      26 |      45 |  63.4
      Dis:1 |   30672 |       0 |   0.0 |      58 |       0 |   0.0
      Dis:2 |    5949 |       0 |   0.0 |      19 |       0 |   0.0
      Dis:3 |   36885 |       0 |   0.0 |      72 |       0 |   0.0
      Dis:4 |    5760 |       0 |   0.0 |      11 |       0 |   0.0
      Dis:5 |   38242 |       0 |   0.0 |      59 |       0 |   0.0
      Dis:6 |   18584 |   24902 |  57.3 |      22 |      16 |  42.1
      Dis:7 |   28904 |   81303 |  73.8 |      44 |      47 |  51.6
      Geh:1 |    4678 |       0 |   0.0 |      14 |       0 |   0.0
      Geh:2 |   25680 |     781 |   3.0 |      44 |       2 |   4.3
      Geh:3 |   20684 |       0 |   0.0 |      32 |       0 |   0.0
      Geh:4 |    9723 |       0 |   0.0 |      28 |       0 |   0.0
      Geh:6 |     209 |       0 |   0.0 |       1 |       0 |   0.0
      Geh:7 |   71284 |   84428 |  54.2 |     110 |      74 |  40.2
      Coc:1 |    8092 |       0 |   0.0 |      15 |       0 |   0.0
      Coc:2 |    4039 |       0 |   0.0 |      14 |       0 |   0.0
      Coc:3 |   13786 |       0 |   0.0 |      36 |       0 |   0.0
      Coc:4 |   24549 |       0 |   0.0 |      50 |       0 |   0.0
      Coc:5 |    9527 |       0 |   0.0 |      20 |       0 |   0.0
      Coc:6 |   49105 |       0 |   0.0 |      46 |       0 |   0.0
      Coc:7 |  115350 |   86312 |  42.8 |     110 |      79 |  41.8
      Tar:1 |   14205 |       0 |   0.0 |      40 |       0 |   0.0
      Tar:2 |    2291 |       0 |   0.0 |       3 |       0 |   0.0
      Tar:3 |   22522 |       0 |   0.0 |      47 |       0 |   0.0
      Tar:5 |   21959 |       0 |   0.0 |      31 |       0 |   0.0
      Tar:6 |   62917 |   16919 |  21.2 |      70 |      19 |  21.3
      Tar:7 |   13661 |   88883 |  86.7 |      19 |      43 |  69.4
      Zot:1 |   48710 |    6933 |  12.5 |      34 |       2 |   5.6
      Zot:2 |   76652 |   14644 |  16.0 |      40 |       6 |  13.0
      Zot:3 |   53155 |       0 |   0.0 |      29 |       0 |   0.0
      Zot:4 |   42441 |   13402 |  24.0 |      28 |       7 |  20.0
      Zot:5 |   78279 |  160129 |  67.2 |      40 |      40 |  50.0
    Abyss:1 |   50816 |   12855 |  20.2 |      53 |       4 |   7.0
    Abyss:2 |   15436 |       0 |   0.0 |      29 |       0 |   0.0
    Abyss:3 |  106728 |   27697 |  20.6 |     211 |      38 |  15.3
        Pan |  464963 |  429684 |  48.0 |     561 |     276 |  33.0
      Zig:1 |    2004 |       0 |   0.0 |       2 |       0 |   0.0
      Zig:2 |     652 |       0 |   0.0 |       3 |       0 |   0.0
      Zig:3 |    4530 |       0 |   0.0 |       3 |       0 |   0.0
      Zig:4 |    2043 |       0 |   0.0 |      10 |       0 |   0.0
      Zig:5 |    7435 |       0 |   0.0 |       6 |       0 |   0.0
      Zig:6 |    7350 |       0 |   0.0 |       7 |       0 |   0.0
      Zig:7 |    6836 |       0 |   0.0 |      10 |       0 |   0.0
      Zig:8 |   13032 |       0 |   0.0 |      10 |       0 |   0.0
      Zig:9 |   10088 |       0 |   0.0 |      24 |       0 |   0.0
     Zig:10 |   18855 |       0 |   0.0 |      19 |       0 |   0.0
     Zig:11 |   33319 |       0 |   0.0 |      15 |       0 |   0.0
     Zig:12 |   18107 |       0 |   0.0 |      30 |       0 |   0.0
     Zig:13 |   18850 |       0 |   0.0 |      36 |       0 |   0.0
     Zig:14 |   32727 |    2091 |   6.0 |      38 |       4 |   9.5
     Zig:15 |   47820 |       0 |   0.0 |      25 |       0 |   0.0
     Zig:16 |   73483 |       0 |   0.0 |      26 |       0 |   0.0
            +---------+---------+-------+---------+---------+-------
